 Dungeon Crawl Stone Soup version 0.23.2-30-g0e89c35649 (webtiles) character file.

Game seed: 11387319264688804915

1358792 DildoBatman the Petrodigitator (level 27, -15/227 HPs)
             Began as a Formicid Wizard on June 22, 2019.
             Was an Initiate of Gozag.
             Killed from afar by a Brimstone Fiend (30 damage)
             ... with damnation
             ... on level 23 of a ziggurat on June 25, 2019.
             The game lasted 10:54:21 (125187 turns).

DildoBatman the Petrodigitator (Formicid Wizard)  Turns: 125187, Time: 10:54:21

Health: -15/227    AC: 36    Str: 18    XL:     27
Magic:  5/54       EV: 33    Int: 36    God:    Gozag
Gold:   9054       SH: 23    Dex: 15    Spells: 1/80 levels left

rFire    . . .     SeeInvis +   a - staff of energy
rCold    + + .     Gourm    .   Q - +2 large shield
rNeg     + + +     Faith    .   o - +4 troll leather armour
rPois    ∞         Spirit   .   (helmet unavailable)
rElec    +         Reflect  .   e - +1 cloak of Starlight {rElec rC+ EV+4 Stlth--}
rCorr    +         Harm     .   s - +2 pair of gloves {Str+3}
MR       ++++.                  g - +2 pair of boots {run}
Stlth    +++++.....             m - amulet "Sineefy" {RegenMP MR+ Int+5}
HPRegen  0.87/turn              t - ring "Pyuneucy" {*Slow rElec rPois AC+4 Str-3}
MPRegen  0.59/turn              P - ring of the Octopus King {rCorr AC+1 EV+1 Str+1 Int+1 Dex+1}

@: agile, lich-form, tornado, gold aura, flying, very slightly contaminated,
studying 3 skills, invisible, deflect missiles, quick
A: permanent stasis, dig shafts and tunnels, four strong arms, antennae 3,
repulsion field 1, icy blue scales 1, thin metallic scales 1, clever 1, poison
resistance, strong 1
}: 9/15 runes: decaying, slimy, silver, golden, iron, obsidian, icy, bone,
gossamer
a: Dig, Shaft Self, End Transformation, Potion Petition, Call Merchant, Bribe
Branch, Renounce Religion


You were on level 23 of a ziggurat.
You worshipped Gozag.
Gozag was greatly pleased with you.
You were not hungry.
You were a lich.
You visited 17 branches of the dungeon, and saw 85 of its levels.
You visited the Abyss 6 times.
You visited 1 ziggurat, and saw 23 of its levels.
You also visited: Sewer and Wizlab.

You collected 72073 gold pieces.
You spent 13684 gold pieces at shops.
You paid 49335 gold pieces to Gozag.

Inventory:

Hand Weapons
 b - the +7 spear of the Puffin {speed, rPois Str-5 Int+8}
   (You found it on level 7 of the Dungeon)

   Attacks with this weapon are significantly faster.
   It affects your strength (-5).
   It affects your intelligence (+8).
   It protects you from poison.
 n - the +8 autumn katana {slice, Clar}
   (You found it on level 21 of a ziggurat)

   It inflicts extra damage upon your enemies.
   It protects you against confusion.
 L - the +1 dagger of the Six Suns {pierce, Str+2 Dex+7}
   (You found it on level 7 of the Iron City of Dis)

   It inflicts extra damage upon your enemies.
   It affects your strength (+2).
   It affects your dexterity (+7).
Missiles
 T - 2 silver javelins (quivered)
Armour
 e - the +1 cloak of Starlight (worn) {rElec rC+ EV+4 Stlth--}
   (You bought it in a shop on level 3 of the Depths)

   It affects your evasion (+4).
   It protects you from cold.
   It insulates you from electricity.
   It makes you much less stealthy.
 g - a +2 pair of boots of running (worn)
 o - a +4 troll leather armour (worn)
 s - a +2 pair of gloves of strength (worn)
 M - the +4 plate armour of Wasted Space {rN+ MR+, unknown}
   (You found it on level 22 of a ziggurat)

   It protects you from negative energy.
   It affects your resistance to hostile enchantments.
 Q - a +2 large shield (worn)
 Z - the +8 orange crystal plate armour {Archmagi, Int+3 Clar}
   (You found it on level 19 of a ziggurat)

   It affects your intelligence (+3).
   It protects you against confusion.
Magical Staves
 a - an uncursed staff of energy (weapon)
Jewellery
 l - the ring "Nocih" {Ice rPois Int+3 Dex+3 Stlth-, unknown}
   (You found it on level 22 of a ziggurat)

   [ring of ice]

   It enhances your ice magic.
   It affects your intelligence (+3).
   It affects your dexterity (+3).
   It makes you vulnerable to fire.
   It protects you from cold.
   It protects you from poison.
   It makes you less stealthy.
 m - the amulet "Sineefy" (around neck) {RegenMP MR+ Int+5}
   (You found it on level 14 of a ziggurat)

   [amulet of magic regeneration]

   It increases your magic regeneration.
   It affects your intelligence (+5).
   It affects your resistance to hostile enchantments.
 q - the ring of Seta {*Corrode rPois Int+4 Dex+8 Stlth+}
   (You found it on level 16 of a ziggurat)

   [ring of stealth]

   It affects your intelligence (+4).
   It affects your dexterity (+8).
   It protects you from poison.
   It may corrode you when you take damage.
   It makes you more stealthy.
 t - the ring "Pyuneucy" (left hand) {*Slow rElec rPois AC+4 Str-3}
   (You bought it in a shop on level 1 of the Depths)

   [ring of protection]

   It affects your AC (+4).
   It affects your strength (-3).
   It insulates you from electricity.
   It protects you from poison.
   It may slow you when you take damage.
 u - the cursed necklace of Bloodlust {*Rage +Rage MR++ Int-3 Slay+6 *Curse}
   (You found it on level 20 of a ziggurat)

   [amulet of rage]

   It affects your intelligence (-3).
   It affects your accuracy and damage with ranged weapons and melee attacks
   (+6).
   It affects your resistance to hostile enchantments.
   It lets you go berserk.
   It may make you go berserk in combat.
   It curses itself when equipped.
   It has a curse placed upon it.
 P - a ring of the Octopus King (right hand) {rCorr AC+1 EV+1 Str+1 Int+1 Dex+1}
   (You found it on level 7 of Tartarus)

   [ring of resist corrosion]

   It affects your AC (+1).
   It affects your evasion (+1).
   It affects your strength (+1).
   It affects your intelligence (+1).
   It affects your dexterity (+1).
 R - the amulet of Vitality {Regen+ HP+15}
   (You found it on level 17 of a ziggurat)

   [amulet of regeneration]

   It affects your health (+15).
   It increases your rate of regeneration.
 X - the ring "Odawn" {MP+9 Int+4 Dex+6 Slay-3}
   (You found it on level 21 of a ziggurat)

   [ring of magical power]

   It affects your intelligence (+4).
   It affects your dexterity (+6).
   It affects your accuracy and damage with ranged weapons and melee attacks
   (-3).
   It affects your magic capacity (+9).
Wands
 k - a wand of iceblast (26)
 p - a wand of clouds (6)
 E - a wand of acid (19)
 W - a wand of scattershot (13)
Scrolls
 i - 7 scrolls of enchant armour
 j - 3 scrolls of summoning
 x - 40 scrolls of remove curse
 y - 16 scrolls of fog
 z - 40 scrolls of identify
 C - 8 scrolls of magic mapping
 H - 13 scrolls of amnesia
 K - 4 scrolls of immolation
Potions
 r - 29 potions of curing
 w - 4 potions of magic
 B - 2 potions of cancellation
 F - 5 potions of mutation
 G - 7 potions of heal wounds
 N - 4 potions of experience
Books
 h - a manual of Hexes
 J - a manual of Staves
 O - a manual of Long Blades
Miscellaneous
 c - a crystal ball of energy
 d - 13 phantom mirrors
 f - 6 sacks of spiders
 A - the horn of Geryon
 D - a phial of floods
 I - a lightning rod (4/4)
 Y - 11 boxes of beasts
Comestibles
 v - 56 rations


   Skills:
 * Level 20.9 Fighting
 - Level 12.0 Polearms
 - Level 16.4 Armour
 - Level 13.9 Dodging
 - Level 15.6 Stealth
 - Level 19.1 Shields
 O Level 27 Spellcasting
 O Level 27 Conjurations
 - Level 14.0 Hexes
 - Level 10.0 Charms
 - Level 10.0 Summonings
 - Level 21.2 Necromancy
   Level 0.8 Translocations
 - Level 21.4 Transmutations
 * Level 15.0 Fire Magic
 * Level 16.5 Ice Magic
 O Level 27 Air Magic
 O Level 27 Earth Magic
   Level 8.1 Poison Magic
 O Level 27 Evocations


You had one spell level left.
You knew the following spells:

 Your Spells              Type           Power        Failure   Level  Hunger
a - Chain Lightning       Conj/Air       ########..   1%          8    N/A
b - Shatter               Erth           ########..   1%          9    N/A
c - Tornado               Air            ########..   1%          9    N/A
d - Necromutation         Tmut/Necr      ########..   1%          8    N/A
e - Borgnjor's Vile Clut  Necr/Erth      ########..   0%          5    N/A
f - Ozocubu's Armour      Chrm/Ice       #######.     0%          3    N/A
g - Deflect Missiles      Chrm/Air       ########..   1%          6    N/A
h - Ignition              Fire           ########..   6%          8    N/A
i - Regeneration          Chrm/Necr      ########..   0%          3    N/A
j - Aura of Abjuration    Summ           #######...   1%          5    N/A
k - Glaciate              Conj/Ice       ########..   6%          9    N/A
l - Darkness              Hex            #######...   1%          6    N/A

Your spell library contained the following spells:

 Spells                   Type           Power        Failure   Level  Hunger
 Animate Skeleton         Necr           N/A          0%          1    N/A
 Beastly Appendage        Tmut           ######       0%          1    N/A
 Confusing Touch          Hex            ######       0%          1    N/A
 Corona                   Hex            #######      0%          1    N/A
 Flame Tongue             Conj/Fire      #####        0%          1    N/A
 Freeze                   Ice            ####         0%          1    N/A
 Infusion                 Chrm           ####         0%          1    N/A
 Magic Dart               Conj           ####         0%          1    N/A
 Pain                     Necr           ####         0%          1    N/A
 Sandblast                Erth           ######       0%          1    N/A
 Sting                    Conj/Pois      ####         0%          1    N/A
 Summon Butterflies       Summ           #######.     0%          1    N/A
 Summon Small Mammal      Summ           ####         0%          1    N/A
 Apportation              Tloc           ######       1%          1    N/A
 Call Imp                 Summ           #######.     0%          2    N/A
 Corpse Rot               Necr           N/A          0%          2    N/A
 Ensorcelled Hibernation  Hex/Ice        ######       0%          2    N/A
 Passwall                 Tmut/Erth      ########     0%          2    N/A
 Poisonous Vapours        Pois/Air       ######       0%          2    N/A
 Searing Ray              Conj           ######       0%          2    N/A
 Slow                     Hex            #######.     0%          2    N/A
 Song of Slaying          Chrm           #######.     0%          2    N/A
 Sticks to Snakes         Tmut           ########     0%          2    N/A
 Sublimation of Blood     Necr           ########..   0%          2    N/A
 Swiftness                Chrm/Air       ########     0%          2    N/A
 Throw Flame              Conj/Fire      ######       0%          2    N/A
 Throw Frost              Conj/Ice       ######       0%          2    N/A
 Confuse                  Hex            #######.     0%          3    N/A
 Conjure Flame            Conj/Fire      ########     0%          3    N/A
 Dazzling Spray           Conj/Hex       ######       0%          3    N/A
 Ignite Poison            Fire/Tmut/Pois ########     0%          3    N/A
 Inner Flame              Hex/Fire       ########     0%          3    N/A
 Mephitic Cloud           Conj/Pois/Air  ########     0%          3    N/A
 Spectral Weapon          Hex/Chrm       #######.     0%          3    N/A
 Spider Form              Tmut/Pois      ########..   0%          3    N/A
 Static Discharge         Conj/Air       ########     0%          3    N/A
 Stone Arrow              Conj/Erth      ######       0%          3    N/A
 Summon Guardian Golem    Hex/Summ       #######.     0%          3    N/A
 Tukima's Dance           Hex            #######.     0%          3    N/A
 Vampiric Draining        Necr           ########..   0%          3    N/A
 Animate Dead             Necr           N/A          0%          4    N/A
 Cause Fear               Hex            #######...   0%          4    N/A
 Force Lance              Conj/Tloc      #######.     0%          4    N/A
 Fulminant Prism          Conj/Hex       ########..   0%          4    N/A
 Ice Form                 Ice/Tmut       ########     0%          4    N/A
 Iskenderun's Mystic Bla  Conj           ########     0%          4    N/A
 Leda's Liquefaction      Hex/Erth       ########..   0%          4    N/A
 Petrify                  Tmut/Erth      ########     0%          4    N/A
 Sticky Flame             Conj/Fire      ########     0%          4    N/A
 Summon Lightning Spire   Summ/Air       ########     0%          4    N/A
 Throw Icicle             Conj/Ice       ########     0%          4    N/A
 Agony                    Necr           ########     0%          5    N/A
 Blade Hands              Tmut           ########..   0%          5    N/A
 Bolt of Draining         Conj/Necr      ########..   0%          5    N/A
 Bolt of Magma            Conj/Fire/Erth ########..   0%          5    N/A
 Dispel Undead            Necr           ########     0%          5    N/A
 Fireball                 Conj/Fire      ########..   0%          5    N/A
 Irradiate                Conj/Tmut      ########..   0%          5    N/A
 Iskenderun's Battlesphe  Conj/Chrm      ########     0%          5    N/A
 Lee's Rapid Deconstruct  Erth           ########..   0%          5    N/A
 Lightning Bolt           Conj/Air       ########..   0%          5    N/A
 Silence                  Hex/Air        ########..   0%          5    N/A
 Venom Bolt               Conj/Pois      ########..   0%          5    N/A
 Yara's Violent Unravell  Hex/Tmut       ########..   0%          5    N/A
 Bolt of Cold             Conj/Ice       ########..   0%          6    N/A
 Bolt of Fire             Conj/Fire      ########..   0%          6    N/A
 Conjure Ball Lightning   Conj/Air       ########..   0%          6    N/A
 Death Channel            Necr           ########..   0%          6    N/A
 Freezing Cloud           Conj/Ice/Air   ########..   0%          6    N/A
 Hydra Form               Tmut           ########..   0%          6    N/A
 Iron Shot                Conj/Erth      ########..   0%          6    N/A
 Statue Form              Tmut/Erth      ########.    0%          6    N/A
 Orb of Destruction       Conj           ########..   0%          7    N/A
 Shroud of Golubria       Chrm/Tloc      ######....   1%          2    N/A
 Call Canine Familiar     Summ           #######.     1%          3    N/A
 Gell's Gravitas          Tloc           ######....   1%          3    N/A
 Lesser Beckoning         Tloc           ######....   1%          3    N/A
 Portal Projectile        Hex/Tloc       ######       1%          3    N/A
 Recall                   Summ/Tloc      N/A          1%          3    N/A
 Teleport Other           Tloc           ######..     1%          3    N/A
 Olgreb's Toxic Radiance  Pois           #######.     1%          4    N/A
 Summon Ice Beast         Ice/Summ       #######.     1%          4    N/A
 Alistair's Intoxication  Tmut/Pois      ########     1%          5    N/A
 Excruciating Wounds      Chrm/Necr      ########..   1%          5    N/A
 Metabolic Englaciation   Hex/Ice        ########..   1%          5    N/A
 Summon Demon             Summ           #######...   1%          5    N/A
 Summon Forest            Summ/Tloc      ######....   1%          5    N/A
 Summon Mana Viper        Hex/Summ       #######.     1%          5    N/A
 Invisibility             Hex            #######.     1%          6    N/A
 Ozocubu's Refrigeration  Ice            ########..   1%          6    N/A
 Poison Arrow             Conj/Pois      ########..   1%          6    N/A
 Shadow Creatures         Summ           N/A          1%          6    N/A
 Simulacrum               Ice/Necr       ########..   1%          6    N/A
 Dragon Form              Tmut           ########..   1%          7    N/A
 Haunt                    Necr/Summ      ########..   1%          7    N/A
 Spellforged Servitor     Conj/Summ      ########..   1%          7    N/A
 Borgnjor's Revivificati  Necr           ########..   1%          8    N/A
 Infestation              Necr           ########..   1%          8    N/A
 Lehudib's Crystal Spear  Conj/Erth      ########..   1%          8    N/A
 Ring of Flames           Chrm/Fire      #######...   2%          7    N/A
 Passage of Golubria      Tloc           N/A          3%          4    N/A
 Death's Door             Chrm/Necr      ########..   4%          8    N/A
 Monstrous Menagerie      Summ           #######...   6%          7    N/A
 Summon Greater Demon     Summ           #######...   6%          7    N/A
 Summon Hydra             Summ           #######...   6%          7    N/A
 Fire Storm               Conj/Fire      ########..   9%          9    N/A
 Discord                  Hex            #######...   10%         8    N/A
 Malign Gateway           Summ/Tloc      ######....   38%         7    N/A
 Dispersal                Tloc           ######....   43%         6    N/A
 Summon Horrible Things   Summ           #######...   43%         8    N/A
 Disjunction              Tloc           ######....   100%        8    N/A
 Dragon's Call            Summ           #######...   100%        9    N/A
 Blink                    Tloc           Unusable     N/A         2    N/A
 Controlled Blink         Tloc           Unusable     N/A         8    N/A

Dungeon Overview and Level Annotations

Branches:
Dungeon (15/15)            Temple (1/1) D:5            Lair (6/6) D:8
  Swamp (4/4) Lair:4       Spider (4/4) Lair:3        Slime (5/5) Lair:6
    Orc (2/2) D:10            Elf (3/3) Orc:2        Vaults (5/5) D:14
  Crypt (3/3) Vaults:3       Tomb (3/3) Crypt:3      Depths (5/5) D:15
   Hell (1/1)                 Dis (7/7) Hell            Geh (7/7) Hell
    Coc (7/7) Hell            Tar (7/7) Hell            Zot (0/5) Depths:5

Altars:
Ashenzari
Cheibriados
Dithmenos
Elyvilon
Fedhas
Gozag
Hepliaklqana
Kikubaaqudgha
Makhleb
Nemelex Xobeh
Okawaru
Qazlal
Ru
Sif Muna
Trog
Uskayaw
Vehumet
Wu Jian
Xom
Yredelemnul
Zin
The Shining One
Beogh
Jiyva
Lugonu

Shops:
D:6 }   D:10 :   D:12 *   D:14 *   Orc:2 *=[(   Depths:1 ==
Depths:3 [[(=*=(*[[*(==!((([   Depths:4 %

Portals:
Hell: Depths:1 Depths:2 Depths:3 Depths:4 Depths:5
Abyss: Crypt:1 Depths:3 Depths:4 Depths:5
Pandemonium: Depths:3 Depths:4


Innate Abilities, Weirdness & Mutations

You cannot be hasted, slowed, berserked, paralysed or teleported.
You can dig through walls and to a lower floor.
Your four strong arms can wield two-handed weapons with a shield.
You have a pair of large antennae on your head. (SInv)
You are surrounded by a mild repulsion field. (EV +2)
You are partially covered in icy blue scales. (AC +2)
You are partially covered in thin metallic scales. (AC +2)
Your mind is acute. (Int +2)
Your system is resistant to poisons. (rPois)
Your muscles are strong. (Str +2)


Message History

Your Fire Magic skill increases to level 15!
Empa is lightly wounded.
You kill the Hell Sentinel!
The Brimstone Fiend is moderately wounded.
You kill the shadow demon!
You hear a shout! x2
You hear a screech!
Empa gestures.
Empa becomes distracted by the nearby gold, dreaming of imaginary riches.
Casting: Shatter (safe; 1% risk of failure)
Confirm with . or Enter, or press ? or * to list all spells.
A great vortex of raging winds appears around you.
The Brimstone Fiend gestures at you.
The sphere of damnation explodes!
The damnation engulfs you!!! The Brimstone Fiend gestures at you.
The sphere of damnation explodes!
The damnation engulfs you!!
You die...
Your body crumbles into a pile of gold.

▓..∩................$.
▓▓........$.2......2..
▓........1.$.........
▓.......$1&........$.
▓.......$..3.........
▓▓...1.$.............
▓§§..§..............
▓▓§§§§...#.#.......
▓§L§.............
▓▓§§......#.....
▓▓§...........
▓▓▓......... ▓▓.......
▓▓.... ▓▓▓


You could see Empa, a Tzitzimitl, 2 Brimstone Fiends, a green death and a
neqoxec (wandering).

Vanquished Creatures
  Antaeus (Coc:7)
  Asmodeus (Geh:7)
  the Royal Jelly (Slime:5)
  Ereshkigal (Tar:7)
  the Serpent of Hell (Geh:7)
  Dispater (Dis:7)
  9 ancient liches
  Mennas (Tomb:1)
  2 juggernauts
  3 pandemonium lords
  Sojobo (Tomb:3)
  33 greater mummies
  3 Killer Klowns (Zig:10)
  23 shard shrikes
  Margery (Depths:2)
  Frederick (Tomb:3)
  Saint Roka (Orc:2)
  5 caustic shrikes
  Geryon (Hell)
  13 golden dragons
  The ghost of wjchen the Warrior, an adept MiFi of Okawaru (Elf:1)
  Nikola (Swamp:4)
  4 profane servitors
  Arachne (Spider:3)
  17 doom hounds
  60 bone dragons
  Jory (Vaults:3)
  27 Brimstone Fiends
  52 Tzitzimimeh
  Jorgrun (Spider:1)
  8 iron giants
  A Cloud Mage (WizLab)
  A hellephant (Abyss:1)
  12 tentacled monstrosities
  19 Ice Fiends
  35 liches
  4 deep elf blademasters
  14 Hell Sentinels
  4 titans
  9 quicksilver dragons
  A quicksilver dragon (shapeshifter) (Zig:10)
  Asterion (Depths:3)
  32 acid blobs
  3 deep elf master archers
  112 tentacled starspawn
  14 sphinxes
  26 ancient champions
  7 eldritch tentacles
  19 Executioners
  12 revenants
  2 draconian monks (Zig:9)
  16 tengu reavers
  17 shadow dragons
  Agnes (Spider:3)
  Kirke (Swamp:1)
  6 storm dragons
  2 thorn hunters
  Roxanne (Spider:3)
  3 daevas
  Donald (Swamp:4)
  The ghost of Olliomoc the Brawler, a journeyman TrBe of Trog (Spider:1)
  3 draconian scorchers
  9 fire giants
  A fire giant (shapeshifter) (Zig:10)
  29 balrugs
  5 iron dragons
  7 deep elf sorcerers
  20 azure jellies
  16 cacodemons
  4 orc warlords
  14 frost giants
  Louise (Spider:3)
  4 draconian knights
  Aizul (Swamp:1)
  A draconian shifter (Abyss:1)
  4 angels
  3 draconian stormcallers
  13 vault wardens
  A warmonger (Zig:23)
  4 ghouls
  10 ghost moths
  4 curse skulls
  5 black suns
  103 reapers
  7 deep elf elementalists
  3 caustic shrike zombies
  10 emperor scorpions
  2 draconian annihilators
  4 spriggan defenders
  5 blood saints
  23 ironheart preservers
  16 war gargoyles
  19 vampire knights
  17 entropy weavers
  2 ophanim
  3 elemental wellsprings
  29 stone giants
  54 very ugly things
  4 corrupters
  The ghost of Hurhuezxa the Fencer, a journeyman MiFi of Okawaru (Lair:4)
  4 green draconians
  21 bennus
  17 deep elf demonologists
  Azrael (D:15)
  12 lorocyprocas
  15 spark wasps
  A black draconian (Depths:5)
  8 deep elf annihilators
  4 yellow draconians
  547 starcursed masses
  A dire elephant (D:15)
  A white draconian (Abyss:3)
  8 eidola
  A purple draconian (Depths:5)
  5 red draconians
  26 blizzard demons
  9 quicksilver dragon zombies
  19 ettins
  35 mummy priests
  13 deep elf death magi
  18 yaktaur captains
  16 death oozes
  16 fire dragons
  26 jiangshi
  A crystal guardian (Abyss:1)
  A spectral golden dragon (Crypt:3)
  6 green deaths
  3 kraken zombies
  6 deep elf high priests
  Harold (Lair:1)
  7 quicksilver dragon skeletons
  31 great orbs of eyes
  4 naga warriors
  4 hell beasts
  6 spriggan air magi
  13 ghost crabs
  46 hydras
  26 rakshasas
  25 ice dragons
  7 shambling mangroves
  6 death knights
  3 catoblepae
  39 vault guards
  12 centaur warriors
  21 ogre magi
  4 death yaks (Lair:5)
  60 two-headed ogres
  8 alligators
  3 tengu warriors (Depths:2)
  A two-headed ogre (shapeshifter) (Abyss:4)
  17 vampire magi
  58 death scarabs
  8 deep troll shamans
  60 hell hogs
  9 deep troll earth magi
  A shock serpent (WizLab)
  18 titan zombies
  A shock serpent (shapeshifter) (Zig:12)
  A spriggan berserker (Depths:5)
  91 thrashing horrors
  4 orc high priests
  12 storm dragon zombies
  45 sun demons
  Nergalle (D:10)
  Sonja (D:11)
  A spectral emperor scorpion (Spider:1)
  7 titan skeletons
  42 deep elf knights
  93 wretched stars
  50 soul eaters
  34 shadow wraiths
  42 sixfirhies
  11 iron golems
  2 fire crabs (shapeshifter)
  233 skeletal warriors
  10 iron trolls
  A quicksilver dragon simulacrum (Tomb:3)
  A glowing orange brain (shapeshifter) (Zig:12)
  11 storm dragon skeletons
  19 spatial maelstroms
  13 death drakes
  9 golden dragon zombies
  2 orange crystal statues
  18 glowing orange brains
  97 hell knights
  9 ghost moth zombies
  28 deep trolls
  14 unseen horrors
  An unseen horror (shapeshifter) (Depths:4)
  12 shadow dragon zombies
  26 flayed ghosts
  4 spriggan druids
  2 tengu zombies (Zig:19)
  21 shadow demons
  13 wizards
  17 swamp dragons
  An obsidian statue (Zig:14)
  16 deep elf archers
  9 anaconda skeletons
  15 anaconda zombies
  19 orc knights
  A harpy (shapeshifter) (Depths:1)
  30 phantasmal warriors
  21 ironbrand convokers
  13 golden dragon skeletons
  43 necromancers
  A swamp dragon (shapeshifter) (Abyss:4)
  4 iron dragon zombies
  7 lindwurms
  51 wolf spiders
  27 orb spiders
  2 sphinx zombies
  6 harpies
  69 ugly things
  7 wolf spider zombies
  3 mana vipers
  83 deep elf magi
  A wolf spider (shapeshifter) (Abyss:4)
  A mana viper (shapeshifter) (D:14)
  6 oklob plants
  6 cyclopes
  16 fire giant zombies
  43 worldbinders
  12 stone giant zombies
  12 shining eyes
  7 shadow dragon skeletons
  5 frost giant zombies
  A sphinx skeleton (Zig:20)
  5 moths of wrath
  9 elephants
  A cyclops (shapeshifter) (Vaults:3)
  4 salamanders
  5 shock serpent zombies
  A naga mage (Abyss:3)
  11 orc sorcerers
  3 black mambas (shapeshifter)
  9 guardian serpents
  6 iron dragon skeletons
  6 manticores
  10 stone giant skeletons
  12 fire giant skeletons
  12 frost giant skeletons
  107 smoke demons
  An eye of devastation (shapeshifter) (Depths:5)
  12 molten gargoyles
  8 torpor snails
  96 rust devils
  A spectral iron troll (Crypt:2)
  6 black mambas
  25 apocalypse crabs
  16 vault sentinels
  4 ice statues
  A spiny frog (shapeshifter) (Abyss:4)
  4 centaur skeletons
  5 titan simulacra
  4 storm dragon simulacra
  13 dire elephant zombies
  4 catoblepas zombies
  A torpor snail (shapeshifter) (Depths:4)
  6 shock serpent skeletons
  8 eyes of devastation
  A gargoyle (D:14)
  28 spiny frogs
  A green draconian zombie (Dis:7)
  2 rime drakes (shapeshifter)
  3 spectral redbacks (Spider:1)
  A purple draconian zombie (Geh:5)
  3 elf skeletons
  69 freezing wraiths
  4 spriggan skeletons
  316 large abominations
  24 orange demons
  11 dire elephant skeletons
  39 hellions
  25 hellwings
  11 komodo dragons
  25 efreet
  35 demonic crawlers
  6 kobold demonologists
  A rime drake (Lair:4)
  5 anaconda simulacra
  7 emperor scorpion zombies
  84 tormentors
  A catoblepas skeleton (Tar:4)
  56 red devils
  38 yaktaurs
  68 ice devils
  A queen bee (Lair:4)
  3 spectral deep trolls (Crypt:2)
  A death yak skeleton (Lair:1)
  An entropy weaver simulacrum (Spider:1)
  A purple draconian skeleton (Geh:6)
  108 ancient zymes
  3 meliai (shapeshifter)
  2 iron troll skeletons (Crypt:2)
  60 guardian mummies
  A spectral moth of wrath (Spider:1)
  A jumping spider (shapeshifter) (Zig:10)
  A meliai (D:14)
  6 tengu conjurers
  A wind drake (shapeshifter) (D:9)
  A merfolk (shapeshifter) (Zig:15)
  7 silent spectres
  3 wind drakes (WizLab)
  7 trolls
  6 harpy zombies
  56 jumping spiders
  A spectral tarantella (Spider:1)
  A wolf spider simulacrum (Abyss:1)
  A hornet (shapeshifter) (Vaults:1)
  2 trolls (shapeshifter)
  Grinder (D:6)
  185 slime creatures
  31 hydra zombies
  262 raiju
  15 tyrant leeches
  39 hornets
  A moth of wrath zombie (Crypt:1)
  A sphinx simulacrum (Depths:2)
  13 hydra skeletons
  6 polar bears
  2 dream sheep (Lair:6)
  4 harpy skeletons
  A shadow dragon simulacrum (Abyss:4)
  2 spectral jumping spiders (Spider:1)
  A meliai zombie (Crypt:2)
  A slime creature (shapeshifter) (Vaults:1)
  15 bog bodies
  3 raiju (shapeshifter)
  20 ice dragon zombies
  33 blink frogs
  12 alligator zombies
  4 alligator skeletons
  A dream sheep (shapeshifter) (Zig:18)
  8 hippogriffs
  3 human simulacra
  9 fire dragon zombies
  7 black mamba zombies
  A frost giant simulacrum (Abyss:1)
  293 flying skulls
  17 ettin zombies
  3 stone giant simulacra
  A fire giant simulacrum (Hell)
  3 fire dragon skeletons
  13 water elementals
  14 ettin skeletons
  109 redbacks
  24 spriggans
  9 vampires
  10 ice dragon skeletons
  66 shadows
  2 tarantellas (shapeshifter)
  13 air elementals
  50 yaks
  13 fire bats
  31 ushabtiu
  59 wraiths
  34 tarantellas
  67 ynoxinuls
  2 humans (Swamp:1)
  3 hogs (Swamp:1)
  8 elf zombies
  2 basilisks
  30 fire elementals
  65 chaos spawn
  A wyvern (Lair:6)
  25 hungry ghosts
  6 black mamba skeletons
  A golden eye (shapeshifter) (D:15)
  29 golden eyes
  82 neqoxecs
  A red draconian simulacrum (Abyss:4)
  A spriggan simulacrum (Depths:2)
  5 merfolk zombies
  21 vampire mosquitoes
  8 nagas
  30 spatial vortices
  Menkaure (D:6)
  104 hell hounds
  6 hydra simulacra
  29 insubstantial wisps
  13 swamp worms
  9 wargs
  5 acid dragons
  16 spiny frog zombies
  A deep troll skeleton (Crypt:1)
  19 water moccasins
  10 porcupines
  2 floating eyes (Depths:3)
  11 spiny frog skeletons
  19 swamp drakes
  A tarantella simulacrum (Spider:1)
  A monstrous demonspawn skeleton (Crypt:1)
  2 floating eyes (shapeshifter) (Vaults:4)
  52 orc warriors
  27 eyes of draining
  3 merfolk skeletons
  An ice dragon simulacrum (Crypt:3)
  15 snapping turtle zombies
  A swamp drake (shapeshifter) (Vaults:2)
  2 black bears
  4 swamp dragon zombies
  15 sky beasts
  A dream sheep zombie (Lair:5)
  57 necrophages
  An alligator simulacrum (Coc:1)
  2 elephant zombies
  A hornet zombie (D:9)
  3 blink frog zombies
  8 manticore zombies
  A black mamba simulacrum (Abyss:5)
  An eye of draining (shapeshifter) (Zig:18)
  22 ice beasts
  4 fire dragon simulacra
  11 boggarts
  2 ettin simulacra
  20 wolves
  13 phantoms
  51 ogres
  4 manticore skeletons
  A lindwurm skeleton (Crypt:1)
  13 centaurs
  A dream sheep skeleton (Lair:2)
  13 snapping turtle skeletons
  4 rime drake zombies
  A blink frog skeleton (Lair:3)
  3 elephant skeletons
  A swamp dragon skeleton (Geh:5)
  13 crocodiles
  5 big kobolds
  A bullfrog (shapeshifter) (Abyss:2)
  21 bullfrogs
  A gnoll sergeant (D:9)
  A hippogriff skeleton (Crypt:2)
  A glowing shapeshifter simulacrum (Depths:4)
  A water moccasin zombie (Lair:2)
  11 earth elementals
  3 spiny frog simulacra
  A wyvern zombie (D:11)
  3 komodo dragon skeletons
  217 small abominations
  A yak zombie (Crypt:2)
  4 water moccasin skeletons
  5 scorpions
  A snapping turtle simulacrum (Coc:1)
  A raiju zombie (Crypt:1)
  A warg skeleton (Crypt:1)
  A polar bear zombie (Lair:2)
  2 troll zombies (D:10)
  A manticore simulacrum (Tomb:2)
  3 spriggan zombies
  16 killer bees
  129 wights
  2 yak skeletons
  8 howler monkeys
  A wolf zombie (Lair:3)
  3 electric eels
  26 crimson imps
  33 quasits
  3 bullfrog zombies
  5 centaur zombies
  8 jellies
  4 hounds
  4 human zombies
  A basilisk zombie (Lair:1)
  22 orc priests
  31 orc wizards
  A basilisk skeleton (Lair:1)
  6 bullfrog skeletons
  92 iron imps
  3 human skeletons
  A porcupine zombie (Lair:1)
  Jessica (D:2)
  12 iguanas
  4 lightning spires (Zig:19)
  7 hell rats (Hell)
  6 worker ants
  2 porcupine skeletons
  A naga zombie (Tar:5)
  5 crocodile zombies
  6 ogre zombies (D:10)
  2 naga skeletons
  3 crocodile skeletons
  A hound zombie (D:6)
  3 hound skeletons
  95 mummies
  13 gnolls
  A howler monkey skeleton (D:4)
  14 adders
  35 shadow imps
  77 white imps
  30 ufetubi
  2 oozes
  3 adder zombies
  A worm zombie (Crypt:2)
  4 worms
  6 dart slugs
  4 leopard geckos
  126 orcs
  4 ball pythons
  11 bats
  A bat skeleton (D:11)
  4 giant cockroaches
  4 goblins
  5 hobgoblins
  12 jackals
  5 quokkas
  5 frilled lizards
  A giant cockroach zombie (D:5)
  2 goblin zombies (D:10)
  3 hobgoblin skeletons (D:10)
  3 hobgoblin zombies (D:10)
  45 kobolds
  2 kobold skeletons
  2 kobold zombies
  4 orc skeletons
  15 orc zombies (D:10)
  A quokka skeleton (D:7)
  5 rats
  25 briar patches (Abyss:5)
  3 butterflies
  6 fire vortices
  10 fungi
  22 lurking horrors
  23 plants
  4 spectral weapons
  108 starspawn tentacles
  6 tentacles
9488 creatures vanquished.

Vanquished Creatures (collateral kills)
  2 deep trolls (Depths:3)
  A wolf spider (Spider:4)
  A jumping spider (Spider:4)
  2 meliai (Lair:4)
  3 redbacks
  An ushabti (Tomb:3)
10 creatures vanquished.

Vanquished Creatures (others)
  A tentacled starspawn (Abyss:3)
  An eldritch tentacle (Dis:2)
  A tengu reaver (Tomb:3)
  A draconian knight (Zig:9)
  3 elemental wellsprings
  A mummy priest (Tomb:3)
  37 dancing weapons
  A large abomination (Abyss:3)
  A thrashing horror (Abyss:3)
  A soul eater (Tar:7)
  A deep elf knight (Elf:1)
  A glowing orange brain (Abyss:4)
  A swamp dragon (Zig:17)
  A deep elf mage (Elf:1)
  A shining eye (Abyss:3)
  2 stone giant zombies
  An ugly thing (Abyss:1)
  A frost giant zombie (Geh:7)
  A guardian serpent (Abyss:3)
  A moth of wrath (Spider:4)
  A smoke demon (Abyss:5)
  2 hellions (Geh:7)
  An ice devil (Dis:1)
  A golden dragon simulacrum (Coc:2)
  A guardian mummy (Tomb:3)
  2 ancient zymes (Abyss:1)
  3 raiju
  An ettin zombie (Geh:7)
  3 ynoxinuls
  A shadow (Abyss:5)
  2 tarantellas (Spider:4)
  A redback (Spider:4)
  A human (Swamp:1)
  4 golden eyes (Abyss:1)
  A water elemental (Abyss:5)
  A hungry ghost (Abyss:1)
  2 hell hounds
  2 nagas (Abyss:3)
  A water moccasin (Lair:6)
  2 swamp drakes
  An eye of draining (Abyss:1)
  7 small abominations
  A killer bee (D:9)
  3 starcursed masses (Abyss:1)
  A mummy (Tomb:3)
  A ball lightning (Abyss:2)
  2 briar patches (Swamp:4)
  13 fungi
  2 lurking horrors (Abyss:1)
  4 plants
  35 spectral weapons
  155 starspawn tentacles
  13 tentacles
330 creatures vanquished.

Grand Total: 9828 creatures vanquished

Notes
Turn   | Place    | Note
-------+----------+-------------------------------------------
     0 | D:1      | DildoBatman the Formicid Wizard began the quest for the
                  | Orb.
     0 | D:1      | Reached XP level 1. HP: 13/13 MP: 4/4
    24 | D:1      | Reached skill level 1 in Conjurations
   190 | D:1      | Reached XP level 2. HP: 16/19 MP: 0/6
   409 | D:1      | Reached XP level 3. HP: 17/24 MP: 0/7
   414 | D:1      | Learned a level 3 spell: Conjure Flame
   418 | D:1      | Learned a level 3 spell: Mephitic Cloud
   806 | D:2      | Found a basalt altar of Yredelemnul.
   854 | D:2      | Noticed Jessica
   950 | D:2      | Reached XP level 4. HP: 27/30 MP: 0/8
  1545 | D:2      | Found a shimmering altar of Xom.
  1545 | D:2      | Found a sacrificial altar of Ru.
  1669 | D:2      | Reached XP level 5. HP: 35/35 MP: 4/9
  2000 | D:3      | Found an ornate altar of the Wu Jian Council.
  2272 | D:3      | Reached XP level 6. HP: 26/41 MP: 0/10
  2499 | D:4      | Reached skill level 5 in Conjurations
  2823 | D:4      | Reached XP level 7. HP: 41/46 MP: 3/11
  3051 | D:4      | Reached skill level 1 in Poison Magic
  3391 | D:5      | Entered Level 5 of the Dungeon
  3454 | D:5      | Found a staircase to the Ecumenical Temple.
  3464 | Temple   | Entered the Ecumenical Temple
  3534 | Temple   | Became a worshipper of Kikubaaqudgha
  3618 | D:5      | Reached skill level 1 in Fire Magic
  3658 | D:5      | Reached skill level 1 in Air Magic
  3718 | D:5      | Found a glowing drain.
  3863 | Sewer    | Entered a sewer
  4887 | D:5      | Reached * piety under Kikubaaqudgha
  4887 | D:5      | Identified Kikubaaqudgha's Papyrus of Stolen Souls
                  | (Kikubaaqudgha gifted it to you on level 5 of the Dungeon)
  4887 | D:5      | Received a gift from Kikubaaqudgha
  4893 | D:5      | Learned a level 3 spell: Regeneration
  4896 | D:5      | Learned a level 2 spell: Sublimation of Blood
  5009 | D:5      | Found a basalt altar of Yredelemnul.
  5011 | D:5      | Found an iron altar of Okawaru.
  5011 | D:5      | Found an ornate altar of the Wu Jian Council.
  5013 | D:5      | Found a shimmering altar of Xom.
  5013 | D:5      | Found a hazy altar of Hepliaklqana.
  5013 | D:5      | Found a shadowy altar of Dithmenos.
  5268 | D:6      | Noticed a water moccasin
  5277 | D:6      | Killed a water moccasin
  5277 | D:6      | Reached XP level 8. HP: 52/52 MP: 1/12
  5283 | D:6      | Noticed Grinder
  5439 | D:6      | Found Qierph's Gadget Boutique.
  5472 | D:6      | Got a heavily jewelled robe
  5483 | D:6      | Identified the +3 robe of Magic {-Cast rElec Str+6} (You
                  | found it on level 6 of the Dungeon)
  5790 | D:6      | Reached skill level 5 in Poison Magic
  5808 | D:6      | Noticed Menkaure
  5992 | D:6      | Killed Grinder
  6363 | D:2      | Killed Jessica
  6363 | D:2      | Reached XP level 9. HP: 57/57 MP: 11/14
  7028 | D:7      | Reached ** piety under Kikubaaqudgha
  7456 | D:7      | Got a transparent spear
  7457 | D:7      | Identified the +7 spear of the Puffin {speed, rPois Str-5
                  | Int+8} (You found it on level 7 of the Dungeon)
  7483 | D:7      | Reached skill level 1 in Polearms
  7483 | D:7      | Reached skill level 1 in Charms
  7483 | D:7      | Reached skill level 1 in Necromancy
  8080 | D:8      | Found a staircase to the Lair.
  8470 | D:8      | Found a sparkling altar of Nemelex Xobeh.
  8599 | D:9      | Reached *** piety under Kikubaaqudgha
  8599 | D:9      | Identified Kikubaaqudgha's Grimoire of Unholy Magic
                  | (Kikubaaqudgha gifted it to you on level 9 of the Dungeon)
  8599 | D:9      | Received a gift from Kikubaaqudgha
  8661 | D:9      | Learned a level 5 spell: Dispel Undead
  8714 | D:9      | Reached skill level 5 in Spellcasting
  8714 | D:9      | Reached XP level 10. HP: 63/63 MP: 13/17
  9015 | D:9      | Reached **** piety under Kikubaaqudgha
  9064 | D:9      | Found a roughly hewn altar of Beogh.
  9140 | D:9      | Reached skill level 5 in Polearms
  9140 | D:9      | Reached skill level 5 in Necromancy
  9337 | D:9      | Noticed a centaur warrior
  9346 | D:9      | Reached skill level 1 in Fighting
  9396 | D:9      | Reached skill level 1 in Armour
  9396 | D:9      | Reached XP level 11. HP: 44/70 MP: 9/18
  9553 | D:9      | Noticed a two-headed ogre
  9615 | D:9      | Killed a two-headed ogre
  9830 | D:6      | Killed Menkaure
  9951 | D:9      | Noticed a centaur warrior
  9977 | D:9      | Killed a centaur warrior
 10010 | D:9      | Found a shattered altar of Ashenzari.
 10055 | D:9      | Reached skill level 5 in Stealth
 10256 | D:9      | Noticed a two-headed ogre
 10295 | D:9      | Killed a two-headed ogre
 10478 | D:9      | Killed a centaur warrior
 10671 | D:9      | Noticed a manticore
 10711 | D:9      | Killed a manticore
 10806 | D:9      | Got a distressingly furry ring mail
 10820 | D:9      | Identified the +4 ring mail of Daisies {rCorr Dex-2 SInv}
                  | (You found it on level 9 of the Dungeon)
 11017 | D:9      | Reached ***** piety under Kikubaaqudgha
 11047 | D:10     | Entered Level 10 of the Dungeon
 11159 | D:10     | Reached skill level 5 in Fighting
 11159 | D:10     | Reached skill level 5 in Armour
 11228 | D:10     | Noticed a two-headed ogre
 11250 | D:10     | Killed a two-headed ogre
 11250 | D:10     | Reached XP level 12. HP: 86/86 MP: 5/19
 11363 | D:10     | Found a staircase to the Orcish Mines.
 11540 | D:10     | Found Echiuce's Book Emporium.
 12162 | D:11     | Noticed Sonja
 12173 | D:11     | Killed Sonja
 12220 | D:11     | Reached skill level 5 in Charms
 12592 | D:11     | Reached ****** piety under Kikubaaqudgha
 12602 | D:10     | Received a gift from Kikubaaqudgha
 12613 | D:10     | Fell from the grace of Kikubaaqudgha
 12819 | Temple   | Became a worshipper of Gozag Ym Sagoz the Greedy
 13482 | D:11     | Got a heavily runed plate armour
 13493 | D:11     | Identified the cursed +0 plate armour of Meit {-Cast rN+
                  | Int+5 Stlth+} (You found it on level 11 of the Dungeon)
 13745 | D:11     | Noticed Nergalle
 13811 | D:10     | Killed Nergalle
 13966 | Lair:1   | Entered Level 1 of the Lair of Beasts
 14125 | Lair:1   | Noticed a five-headed hydra
 14143 | Lair:1   | Noticed a four-headed hydra
 14151 | Lair:1   | Killed a four-headed hydra
 14158 | Lair:1   | Killed a five-headed hydra
 14319 | Lair:1   | Noticed a four-headed hydra
 14475 | Lair:1   | Killed a four-headed hydra
 14475 | Lair:1   | Reached XP level 13. HP: 70/92 MP: 18/22
 14476 | Lair:1   | Noticed Harold
 14502 | Lair:1   | Killed Harold
 14502 | Lair:1   | Reached skill level 5 in Fire Magic
 15711 | Lair:2   | Got an encrusted ring mail
 16179 | Lair:2   | Identified the +4 ring mail of Fubru {Str+4 Slay-6} (You
                  | found it on level 2 of the Lair of Beasts)
 16218 | Lair:3   | Reached skill level 5 in Shields
 16427 | Lair:3   | Noticed a reaper
 16516 | Lair:3   | Reached skill level 5 in Dodging
 16712 | Lair:3   | Found a hole to the Spider Nest.
 17871 | Lair:4   | Found a transporter.
 17871 | Lair:4   | Found a transporter.
 17879 | Lair:4   | Noticed Hurhuezxa's ghost (journeyman MiFi)
 18400 | Lair:4   | Found a staircase to the Swamp.
 18737 | Lair:5   | Reached XP level 14. HP: 103/103 MP: 21/24
 20095 | D:10     | Bought a manual of Shields for 1104 gold pieces
 20194 | D:8      | Gained mutation: Your body sometimes deteriorates upon
                  | taking damage. [potion of mutation]
 20194 | D:8      | Gained mutation: Your muscles are strong. (Str +2) [potion
                  | of mutation]
 20195 | D:8      | Lost mutation: Your body sometimes deteriorates upon taking
                  | damage. [potion of mutation]
 20195 | D:8      | Lost mutation: Your muscles are strong. (Str +2) [potion of
                  | mutation]
 20195 | D:8      | Gained mutation: Scrolls take you a little longer to read.
                  | [potion of mutation]
 20195 | D:8      | Gained mutation: Your skin changes colour to match your
                  | surroundings (Stealth+). [potion of mutation]
 20196 | D:8      | Lost mutation: Scrolls take you a little longer to read.
                  | [potion of mutation]
 20196 | D:8      | Lost mutation: Your skin changes colour to match your
                  | surroundings (Stealth+). [potion of mutation]
 20196 | D:8      | Gained mutation: Scrolls take you a little longer to read.
                  | [potion of mutation]
 20196 | D:8      | Gained mutation: You possess an exceptional clarity of
                  | mind. [potion of mutation]
 20196 | D:8      | Gained mutation: You have a beak for a mouth. [potion of
                  | mutation]
 20267 | Lair:2   | Was forgiven by Kikubaaqudgha
 20443 | Lair:4   | Killed Hurhuezxa's ghost
 20618 | Lair:6   | Entered Level 6 of the Lair of Beasts
 20690 | Lair:6   | Found a staircase to the Slime Pits.
 21456 | Orc:1    | Entered Level 1 of the Orcish Mines
 21996 | Orc:2    | Entered Level 2 of the Orcish Mines
 22190 | Orc:2    | Found a roughly hewn altar of Beogh.
 22331 | Orc:2    | Reached skill level 10 in Fighting
 22335 | Orc:2    | Noticed Saint Roka
 22398 | Orc:2    | Reached skill level 10 in Armour
 22612 | Orc:2    | Reached XP level 15. HP: 65/111 MP: 2/27
 22746 | Orc:2    | Noticed an orc warlord
 22778 | Orc:2    | Killed an orc warlord
 23089 | Orc:2    | Noticed an orc warlord
 23116 | Orc:2    | Killed an orc warlord
 23120 | Orc:2    | Reached skill level 10 in Shields
 23257 | Orc:2    | Got a bloodstained quarterstaff
 23295 | Orc:2    | Identified Memimm's Guide on Earth and the Blaze
 23301 | Orc:2    | Learned a level 3 spell: Ignite Poison
 23705 | Orc:2    | Reached skill level 1 in Transmutations
 24279 | Orc:2    | Found a staircase to the Elven Halls.
 24441 | Orc:2    | Found a roughly hewn altar of Beogh.
 24493 | Orc:2    | Identified the +7 quarterstaff of Circularity {crush, +Fly
                  | MP+9 SInv} (You found it on level 2 of the Orcish Mines)
 26439 | D:10     | Bought a book of Dreams for 750 gold pieces
 26439 | D:10     | Bought a book of the Earth for 650 gold pieces
 26445 | D:10     | Learned a level 5 spell: Borgnjor's Vile Clutch
 26606 | D:12     | Reached skill level 1 in Earth Magic
 27138 | D:12     | Reached skill level 5 in Earth Magic
 27189 | D:12     | Found Enuha's Assorted Antiques.
 27237 | D:12     | Bought a scroll labeled EGUDGH FYESH for 19 gold pieces
 27237 | D:12     | Bought a potion of mutation for 152 gold pieces
 27237 | D:12     | Bought a scroll of identify for 38 gold pieces
 27237 | D:12     | Bought 2 potions of brilliance for 152 gold pieces
 27664 | D:13     | Reached XP level 16. HP: 99/122 MP: 18/29
 27810 | D:13     | You fall through a shaft for 2 floors!
 27810 | D:15     | Entered Level 15 of the Dungeon
 28269 | D:15     | Found a staircase to the Depths.
 28376 | D:15     | Reached skill level 10 in Earth Magic
 28395 | D:15     | Noticed Azrael
 28566 | D:15     | Killed Azrael
 29033 | D:14     | Found a gate to the Vaults.
 29312 | D:14     | Found an opulent altar of Gozag.
 29930 | D:14     | Found Gozag's Platinum Reserve.
 30719 | D:8      | Lost mutation: Scrolls take you a little longer to read.
                  | [potion of mutation]
 30719 | D:8      | Lost mutation: You possess an exceptional clarity of mind.
                  | [potion of mutation]
 30719 | D:8      | Gained mutation: You are partially covered in slimy green
                  | scales. (AC +2) [potion of mutation]
 30719 | D:8      | Gained mutation: You occasionally shout uncontrollably at
                  | your foes. [potion of mutation]
 30719 | D:8      | Gained mutation: You are robust. (+10% HP) [potion of
                  | mutation]
 30720 | D:8      | Lost mutation: You have a beak for a mouth. [potion of
                  | mutation]
 30720 | D:8      | Gained mutation: You possess an exceptional clarity of
                  | mind. [potion of mutation]
 30720 | D:8      | Gained mutation: You have sharp toenails. [potion of
                  | mutation]
 30721 | D:8      | Lost mutation: You possess an exceptional clarity of mind.
                  | [potion of mutation]
 30721 | D:8      | Lost mutation: You have sharp toenails. [potion of
                  | mutation]
 30721 | D:8      | Gained mutation: You are partially covered in molten
                  | scales. (AC +2) [potion of mutation]
 30721 | D:8      | Gained mutation: You are very robust. (+20% HP) [potion of
                  | mutation]
 30721 | D:8      | Gained mutation: You do not regenerate when monsters are
                  | visible. [potion of mutation]
 30721 | D:8      | Gained mutation: You are somewhat resistant to further
                  | mutation. [potion of mutation]
 30722 | D:8      | Lost mutation: You occasionally shout uncontrollably at
                  | your foes. [potion of mutation]
 30722 | D:8      | Lost mutation: You do not regenerate when monsters are
                  | visible. [potion of mutation]
 30722 | D:8      | Lost mutation: You are very robust. (+20% HP) [potion of
                  | mutation]
 30722 | D:8      | Lost mutation: You are partially covered in molten scales.
                  | (AC +2) [potion of mutation]
 30825 | Orc:2    | Found Kozeajaf's General Store.
 30840 | Orc:2    | Killed Saint Roka
 30840 | Orc:2    | Reached skill level 1 in Evocations
 30840 | Orc:2    | Reached XP level 17. HP: 77/140 MP: 8/30
 30846 | Orc:2    | Found Rosin's Antique Armour Shoppe.
 30854 | Orc:2    | Bought a translucent ring mail for 198 gold pieces
 30854 | Orc:2    | Bought a tattered robe for 125 gold pieces
 30854 | Orc:2    | Bought a runed cloak for 165 gold pieces
 30865 | Orc:2    | Identified the +5 ring mail "Caedag" {rN+} (You bought it
                  | in a shop on level 2 of the Orcish Mines)
 30877 | Orc:2    | Identified the +2 robe of the Desolation of Salt {rPois
                  | rF+++ Int-2 Stlth-} (You bought it in a shop on level 2 of
                  | the Orcish Mines)
 30923 | Orc:2    | Bought a potion of brilliance for 60 gold pieces
 30993 | Orc:2    | Found Quudius's Antique Weapon Shoppe.
 31009 | Orc:2    | Found Gujagez's Jewellery Shoppe.
 32784 | Swamp:1  | Entered Level 1 of the Swamp
 32879 | Swamp:1  | Noticed Kirke
 32893 | Swamp:1  | Killed Kirke
 33019 | Swamp:1  | Reached skill level 10 in Necromancy
 33170 | Swamp:1  | Reached skill level 5 in Transmutations
 33489 | Swamp:1  | Noticed Aizul
 33529 | Swamp:1  | Killed Aizul
 33529 | Swamp:1  | Reached skill level 10 in Spellcasting
 33907 | Swamp:2  | Found a transporter.
 34298 | Swamp:2  | Found a transporter.
 34420 | Swamp:2  | Reached skill level 5 in Evocations
 35796 | Swamp:3  | Reached XP level 18. HP: 123/147 MP: 23/32
 36024 | Swamp:4  | Entered Level 4 of the Swamp
 36354 | Swamp:4  | Noticed Donald
 36373 | Swamp:4  | Killed Donald
 36629 | Swamp:4  | Noticed Nikola
 36641 | Swamp:4  | Killed Nikola
 37154 | Swamp:4  | Got a decaying rune of Zot
 37537 | Spider:1 | Entered Level 1 of the Spider Nest
 37802 | Spider:1 | Noticed Jorgrun
 37841 | Spider:1 | Killed Jorgrun
 37994 | Spider:1 | Reached skill level 15 in Earth Magic
 38015 | Spider:1 | Lost mutation: You are robust. (+10% HP) [potion of
                  | mutation]
 38015 | Spider:1 | Lost mutation: You are somewhat resistant to further
                  | mutation. [potion of mutation]
 38015 | Spider:1 | Gained mutation: You are somewhat resistant to further
                  | mutation. [potion of mutation]
 38015 | Spider:1 | Gained mutation: You expend magic power (3 MP) to
                  | strengthen your wands. [potion of mutation]
 38015 | Spider:1 | Gained mutation: You occasionally shout uncontrollably at
                  | your foes. [potion of mutation]
 38015 | Spider:1 | Gained mutation: You possess an exceptional clarity of
                  | mind. [potion of mutation]
 38084 | Spider:1 | Found a runed translucent gate.
 38084 | Spider:1 | Found a runed translucent gate.
 38084 | Spider:1 | Found a runed translucent gate.
 38086 | Spider:1 | Noticed Olliomoc's ghost (journeyman TrBe)
 38138 | Spider:1 | Killed Olliomoc's ghost
 38794 | Spider:2 | Reached XP level 19. HP: 140/140 MP: 24/35
 39711 | Spider:3 | Noticed Agnes
 39728 | Spider:3 | Killed Agnes
 39901 | Spider:3 | Noticed Louise
 39994 | Spider:3 | Killed Louise
 40412 | Spider:3 | Noticed Roxanne
 40437 | Spider:3 | Killed Roxanne
 40631 | Spider:3 | Noticed Arachne
 40655 | Spider:3 | Killed Arachne
 41222 | Spider:4 | Entered Level 4 of the Spider Nest
 41298 | Spider:4 | Reached skill level 15 in Shields
 42046 | Spider:4 | Reached XP level 20. HP: 146/147 MP: 11/36
 43043 | Spider:4 | Got a gossamer rune of Zot
 43446 | D:8      | Identified 3 scrolls of acquirement
 43497 | D:8      | Got a spiked shield
 43508 | D:8      | Identified the +4 shield of Poor Excuses {rC+} (You
                  | acquired it on level 8 of the Dungeon)
 43583 | Elf:1    | Entered Level 1 of the Elven Halls
 43793 | Elf:1    | Got a steaming ring mail
 43804 | Elf:1    | Identified the +1 ring mail of Apathy {rPois rC- rCorr}
                  | (You found it on level 1 of the Elven Halls)
 43983 | Elf:1    | You fall through a shaft!
 44263 | Elf:2    | Got a pitted wooden ring
 44330 | Elf:2    | Found a runed translucent gate.
 44330 | Elf:2    | Found a runed translucent gate.
 44330 | Elf:2    | Found a runed translucent gate.
 44621 | Elf:2    | Noticed a Tzitzimitl
 44858 | Elf:1    | Found a runed translucent door.
 44858 | Elf:1    | Noticed wjchen's ghost (adept MiFi)
 44930 | Elf:1    | Killed wjchen's ghost
 45274 | Elf:2    | Reached XP level 21. HP: 137/156 MP: 13/37
 45648 | Elf:3    | Entered Level 3 of the Elven Halls
 45656 | Elf:3    | Reached skill level 10 in Polearms
 45728 | Elf:3    | Reached skill level 10 in Transmutations
 46339 | Elf:3    | Reached skill level 10 in Dodging
 46342 | Elf:3    | Identified the +6 hand axe of Conformity {flame, rPois MR+
                  | Dex+6 Stlth+}
 46631 | Elf:3    | Identified the +1 leather armour of Lies {MR+ Dex+4}
 46719 | Elf:3    | Identified the cursed +1 long sword "Gobreuch" {slice, rN+
                  | Dex+2}
 46895 | Elf:3    | Identified the +2 scimitar "Biuzoacs" {drain, rF+}
 46895 | Elf:3    | Identified the cursed +1 robe of Recklessness {*Corrode
                  | rN++ MR+ Int-5}
 47084 | Elf:3    | Identified the ring of Temperance {rN+ SInv} (You found it
                  | on level 2 of the Elven Halls)
 47127 | Elf:3    | Identified the Papyrus of the Ensnaring Entourage
 47376 | Elf:3    | Identified the amulet of Huisees {Harm *Drain MR++}
 47430 | Elf:3    | Reached XP level 22. HP: 165/165 MP: 32/38
 47643 | Orc:2    | Learned a level 3 spell: Ozocubu's Armour
 47647 | Orc:2    | Learned a level 3 spell: Spectral Weapon
 47660 | Orc:2    | Learned a level 9 spell: Shatter
 47669 | Orc:2    | Learned a level 8 spell: Necromutation
 47889 | Vaults:1 | Entered Level 1 of the Vaults
 48522 | D:14     | Lost mutation: You possess an exceptional clarity of mind.
                  | [potion of mutation]
 48522 | D:14     | Lost mutation: You occasionally shout uncontrollably at
                  | your foes. [potion of mutation]
 48522 | D:14     | Lost mutation: You expend magic power (3 MP) to strengthen
                  | your wands. [potion of mutation]
 48522 | D:14     | Lost mutation: You are somewhat resistant to further
                  | mutation. [potion of mutation]
 48522 | D:14     | Gained mutation: Your mind is acute. (Int +2) [potion of
                  | mutation]
 48522 | D:14     | Gained mutation: You expend magic power (3 MP) to
                  | strengthen your wands. [potion of mutation]
 48702 | Vaults:1 | Reached skill level 1 in Ice Magic
 48822 | Vaults:1 | Reached skill level 1 in Hexes
 50236 | Vaults:2 | Reached skill level 5 in Hexes
 50620 | Vaults:2 | Reached skill level 5 in Ice Magic
 51013 | Vaults:2 | Got a twitching tin amulet
 51015 | Vaults:2 | Identified the amulet "Qothej" {RegenMP MR+} (You found it
                  | on level 2 of the Vaults)
 51231 | Vaults:2 | Reached XP level 23. HP: 171/171 MP: 16/39
 51642 | Vaults:2 | HP: 5/171 [frost giant/bolt of cold (25)]
 52011 | Vaults:3 | Found a staircase to the Crypt.
 52282 | Vaults:3 | Reached skill level 15 in Necromancy
 52534 | Vaults:3 | Identified the Compendium of Harmful Clay
 53431 | Vaults:3 | Noticed Jory
 53467 | Vaults:3 | Killed Jory
 53701 | Vaults:3 | Got a jet-encrusted leather armour
 53706 | Vaults:3 | Got a pitted chain mail
 53807 | Vaults:3 | Got a transparent plate armour
 53819 | Vaults:3 | Identified the cursed +0 leather armour "Gynom" {rElec
                  | Str+3 Int-4} (You found it on level 3 of the Vaults)
 53832 | Vaults:3 | Identified the +7 plate armour "Notzo" {rC+++ Regen+ Str+2
                  | Stlth-} (You found it on level 3 of the Vaults)
 53846 | Vaults:3 | Identified the +7 chain mail "Dytej" {rF+ rN+ Slay+2} (You
                  | found it on level 3 of the Vaults)
 53942 | Vaults:4 | Reached XP level 24. HP: 164/178 MP: 32/39
 55307 | Vaults:4 | Reached skill level 15 in Transmutations
 55559 | Crypt:1  | Entered Level 1 of the Crypt
 55687 | Crypt:1  | Found a corrupted altar of Lugonu.
 55702 | Crypt:1  | Found a one-way gate to the infinite horrors of the Abyss.
 57991 | Crypt:3  | Entered Level 3 of the Crypt
 58097 | Crypt:3  | Reached XP level 25. HP: 158/184 MP: 24/39
 58472 | Crypt:3  | Got a brightly glowing hunting sling
 58477 | Crypt:3  | Identified the +3 hunting sling of the Exiled Realms
                  | {freeze, Str+4 Int+3 SInv Stlth-} (You found it on level 3
                  | of the Crypt)
 58488 | Crypt:3  | Found an ancient bone altar of Kikubaaqudgha.
 59062 | Crypt:3  | Got an ichor-stained quarterstaff
 59320 | Crypt:3  | Identified the +7 quarterstaff "Byuniph" {flame, rC+} (You
                  | found it on level 3 of the Crypt)
 59359 | Crypt:3  | Found a staircase to the Tomb.
 59465 | Tomb:1   | Entered Level 1 of the Tomb of the Ancients
 59800 | Tomb:1   | Noticed Mennas
 59836 | Tomb:1   | Killed Mennas
 60141 | Tomb:1   | Noticed a greater mummy
 60330 | Tomb:1   | Killed a greater mummy
 60675 | Tomb:1   | Reached XP level 26. HP: 191/191 MP: 36/39
 61536 | Depths:1 | Entered Level 1 of the Depths
 61794 | Depths:1 | Found Kuneoqir's Jewellery Shop.
 61794 | Depths:1 | Found Rerhoomige's Jewellery Boutique.
 61854 | Depths:1 | Bought the ring "Pyuneucy" {*Slow rElec rPois AC+4 Str-3}
                  | for 549 gold pieces
 61886 | Depths:1 | Found a magical portal.
 61924 | WizLab   | Entered The Chambers of the Cloud Mage
 62609 | WizLab   | Identified the +9 dagger of Xuheus {antimagic, rPois MR+
                  | Dex+3}
 62639 | WizLab   | Got a scorched copper ring
 62641 | WizLab   | Got a crude scale mail
 62644 | WizLab   | Identified the Handbook of Weightlessness
 62710 | WizLab   | Identified the +5 scale mail of Happy Babbling {rPois rC++
                  | Regen+ Str-4} (You found it in a wizard's laboratory)
 62819 | Depths:1 | Identified the ring of Dithmenos's Supremacy {+Fly Str+3}
                  | (You found it in a wizard's laboratory)
 63814 | Depths:1 | Got a fine mace
 63840 | Depths:1 | Found a gateway to Hell.
 63915 | Depths:1 | Identified the +6 mace of Inference {venom, rPois rF- SInv}
                  | (You found it on level 1 of the Depths)
 64710 | Depths:2 | Found a large runed translucent door.
 64718 | Depths:2 | Found a large runed translucent door.
 64718 | Depths:2 | Found a large runed translucent door.
 64718 | Depths:2 | Noticed a juggernaut
 64719 | Depths:2 | Found a large runed translucent door.
 65076 | Depths:2 | Reached XP level 27. HP: 180/195 MP: 11/39
 65097 | Depths:2 | Found a large runed translucent door.
 65101 | Depths:2 | Found a large runed translucent door.
 65177 | Depths:2 | Noticed Margery
 65186 | Depths:2 | Killed Margery
 65681 | Depths:2 | Found a large runed translucent door.
 65689 | Depths:2 | Found a large runed translucent door.
 65725 | Depths:2 | Killed a juggernaut
 65737 | Depths:2 | Identified the Volume of Fire and Translocation
 65792 | Depths:3 | Noticed Asterion
 65805 | Depths:3 | Killed Asterion
 66222 | Depths:3 | Found a one-way gate leading to the halls of Pandemonium.
 66652 | Depths:3 | Found a gateway to a ziggurat.
 68250 | Depths:4 | Found Taceugh's Food Boutique.
 68267 | Depths:4 | You fall through a shaft!
 68267 | Depths:5 | Entered Level 5 of the Depths
 68905 | Depths:4 | Noticed a juggernaut
 68933 | Depths:4 | Killed a juggernaut
 69403 | Depths:5 | Found a gate to the Realm of Zot.
 72216 | Tomb:1   | Noticed a greater mummy
 72227 | Tomb:1   | Noticed a greater mummy
 72239 | Tomb:1   | Killed a greater mummy
 72667 | Depths:3 | Lost mutation: You are partially covered in slimy green
                  | scales. (AC +2) [potion of mutation]
 72667 | Depths:3 | Lost mutation: You expend magic power (3 MP) to strengthen
                  | your wands. [potion of mutation]
 72667 | Depths:3 | Lost mutation: Your mind is acute. (Int +2) [potion of
                  | mutation]
 72667 | Depths:3 | Gained mutation: You occasionally shout uncontrollably at
                  | your foes. [potion of mutation]
 72667 | Depths:3 | Gained mutation: Your system is resistant to poisons.
                  | (rPois) [potion of mutation]
 72667 | Depths:3 | Gained mutation: You are partially covered in icy blue
                  | scales. (AC +2) [potion of mutation]
 72668 | Depths:3 | Lost mutation: Your system is resistant to poisons. (rPois)
                  | [potion of mutation]
 72668 | Depths:3 | Lost mutation: You occasionally shout uncontrollably at
                  | your foes. [potion of mutation]
 72668 | Depths:3 | Gained mutation: Your muscles are strong. (Str +2) [potion
                  | of mutation]
 72668 | Depths:3 | Gained mutation: You are partially covered in thin metallic
                  | scales. (AC +2) [potion of mutation]
 72668 | Depths:3 | Gained mutation: You are surrounded by a mild repulsion
                  | field. (EV +2) [potion of mutation]
 72668 | Depths:3 | Gained mutation: Your system is resistant to poisons.
                  | (rPois) [potion of mutation]
 72798 | Depths:3 | Bought a transparent halberd for 513 gold pieces
 72798 | Depths:3 | Identified the +3 halberd "Gysenal" {chop, rElec MR+ Str+7
                  | Stlth-} (You bought it in a shop on level 3 of the Depths)
 72799 | Depths:3 | Bought an encrusted scythe for 456 gold pieces
 72799 | Depths:3 | Identified the +6 scythe of the Genius {drain, rF+ MP-9
                  | Str+4 Int+2} (You bought it in a shop on level 3 of the
                  | Depths)
 72804 | Depths:3 | Bought a shadowed robe for 114 gold pieces
 72804 | Depths:3 | Bought a pair of embroidered boots for 150 gold pieces
 72804 | Depths:3 | Bought a runed cloak for 150 gold pieces
 72815 | Depths:3 | Identified the +1 robe of Ekhobuke {*Drain rElec rC+} (You
                  | bought it in a shop on level 3 of the Depths)
 72896 | Depths:3 | Bought a +2 pair of boots of running for 456 gold pieces
 72896 | Depths:3 | Bought a +2 troll leather armour for 297 gold pieces
 73446 | Tomb:1   | Killed a greater mummy
 73507 | Tomb:1   | Noticed a greater mummy
 73514 | Tomb:1   | Killed a greater mummy
 73612 | Tomb:1   | Noticed a greater mummy
 73632 | Tomb:1   | Killed a greater mummy
 73633 | Tomb:1   | Noticed a greater mummy
 73634 | Tomb:1   | Noticed a greater mummy
 73681 | Tomb:1   | Killed a greater mummy
 73795 | Tomb:1   | Killed a greater mummy
 73878 | Tomb:1   | Noticed a greater mummy
 73887 | Tomb:1   | Killed a greater mummy
 73887 | Tomb:1   | Reached skill level 27 in Earth Magic
 73934 | Tomb:1   | Noticed a greater mummy
 73934 | Tomb:1   | Noticed a greater mummy
 73976 | Tomb:1   | Killed a greater mummy
 73976 | Tomb:1   | Reached skill level 5 in Air Magic
 74047 | Tomb:1   | Killed a greater mummy
 74416 | Vaults:5 | Entered Level 5 of the Vaults
 74598 | Vaults:5 | Noticed an ancient lich
 74604 | Vaults:4 | HP: 8/195 [quicksilver dragon/bolt of dispelling energy
                  | (28)]
 74758 | Vaults:5 | Killed an ancient lich
 74758 | Vaults:5 | Reached skill level 10 in Air Magic
 75913 | Vaults:5 | Identified the Collected Works on Freezing Companions
 75916 | Vaults:5 | Got an ancient shortbow
 75919 | Vaults:5 | Identified the Reference Book on the Rocks and the Voyage
 75949 | Vaults:5 | Got a silver rune of Zot
 76821 | Vaults:4 | Identified the +3 shortbow "Iludeptel" {venom, rN+ Int+3}
                  | (You found it on level 5 of the Vaults)
 77180 | Tomb:2   | Noticed a greater mummy
 77181 | Tomb:2   | Noticed a greater mummy
 77196 | Tomb:2   | Killed a greater mummy
 77201 | Tomb:2   | Noticed an ancient lich
 77207 | Tomb:2   | Killed a greater mummy
 77207 | Tomb:2   | Killed an ancient lich
 77207 | Tomb:2   | Reached skill level 15 in Air Magic
 77211 | Tomb:2   | Noticed a greater mummy
 77302 | Tomb:2   | Noticed a greater mummy
 77307 | Tomb:2   | Killed a greater mummy
 77332 | Tomb:2   | Killed a greater mummy
 78394 | Tomb:3   | Entered Level 3 of the Tomb of the Ancients
 78402 | Tomb:3   | Noticed Frederick
 78407 | Tomb:3   | Found the +7 Spriggan's Knife {stab, EV+4 Stlth+}
 78409 | Tomb:3   | Noticed an ancient lich
 78414 | Tomb:3   | Killed an ancient lich
 78414 | Tomb:3   | Killed Frederick
 78416 | Tomb:3   | Noticed a greater mummy
 78428 | Tomb:3   | Noticed a greater mummy
 78586 | Tomb:3   | Noticed a greater mummy
 78597 | Tomb:3   | Noticed a greater mummy
 78605 | Tomb:3   | Killed a greater mummy
 78610 | Tomb:3   | Killed a greater mummy
 78610 | Tomb:3   | Killed a greater mummy
 78611 | Tomb:3   | Noticed Sojobo
 78617 | Tomb:3   | Noticed a greater mummy
 78627 | Tomb:3   | Killed a greater mummy
 78640 | Tomb:3   | Killed Sojobo
 78641 | Tomb:3   | Killed a greater mummy
 78802 | Tomb:3   | Identified the Reference Book on Dislocation and
                  | Weightlessness
 78807 | Tomb:3   | Got a pitted silver ring
 78808 | Tomb:3   | Identified Sif Muna's Incunabulum of Helpful Bewitchment
 78913 | Tomb:3   | Identified the Papyrus of Orientation and Confrontation
 78916 | Tomb:3   | Got a heavily runed ivory ring
 78960 | Tomb:3   | Identified the ring "Qeguses" {Str+2 SInv} (You found it on
                  | level 3 of the Tomb of the Ancients)
 78963 | Tomb:3   | Identified the ring of Pyromania {rElec Int+5 SInv} (You
                  | found it on level 3 of the Tomb of the Ancients)
 79222 | Tomb:3   | Noticed a greater mummy
 79239 | Tomb:3   | Killed a greater mummy
 79269 | Tomb:3   | Got a golden rune of Zot
 79293 | Tomb:3   | Noticed a greater mummy
 79303 | Tomb:3   | Noticed a greater mummy
 79315 | Tomb:3   | Killed a greater mummy
 79326 | Tomb:3   | Killed a greater mummy
 80026 | Depths:3 | Voluntarily entered the Abyss.
 81622 | Abyss:1  | Reached skill level 10 in Stealth
 81622 | Abyss:1  | Reached skill level 10 in Evocations
 82899 | Abyss:2  | Gained mutation: Your mind is acute. (Int +2) [a neqoxec]
 82932 | Abyss:2  | Found a corrupted altar of Lugonu.
 83666 | Abyss:5  | Entered Level 5 of the Abyss
 83666 | Abyss:5  | Entered Level 5 of the Abyss
 83666 | Abyss:5  | Entered Level 5 of the Abyss
 83666 | Abyss:5  | Entered Level 5 of the Abyss
 83666 | Abyss:5  | Entered Level 5 of the Abyss
 83691 | Abyss:5  | Lost dexterity.
 83695 | Abyss:5  | Identified the +9 spear "Qihow" {pierce, Str+4 Dex+3}
 83695 | Abyss:5  | Identified the +8 chain mail "Otolif" {rC- MR+ Int+5}
 83696 | Abyss:5  | Identified the +10 spear of the Establishment {pierce,
                  | rPois rF+ Int-2 SInv}
 83776 | Depths:3 | Escaped the Abyss
 83805 | Depths:3 | Lost dexterity.
 83871 | Depths:3 | Voluntarily entered the Abyss.
 83895 | Abyss:1  | Lost dexterity.
 83934 | Depths:3 | Escaped the Abyss
 83951 | Depths:3 | Lost dexterity.
 84121 | D:10     | Bought a book of Annihilations for 1104 gold pieces
 84341 | Depths:3 | Bought a faintly glowing long sword for 374 gold pieces
 84341 | Depths:3 | Bought a fine falchion for 352 gold pieces
 84341 | Depths:3 | Identified the +8 long sword of Battle {flame, Int+3 Dex+4}
                  | (You bought it in a shop on level 3 of the Depths)
 84342 | Depths:3 | Identified the +4 falchion of the Lamprey {slice, rF+ rN+
                  | Int+6 Stlth-} (You bought it in a shop on level 3 of the
                  | Depths)
 84392 | Depths:3 | Bought an ancient executioner's axe for 720 gold pieces
 84393 | Depths:3 | Lost dexterity.
 84393 | Depths:3 | Identified the +5 executioner's axe of Calamity {freeze,
                  | +Rage MP+9 Str-2 SInv} (You bought it in a shop on level 3
                  | of the Depths)
 84431 | Depths:3 | Voluntarily entered the Abyss.
 84511 | Abyss:1  | Lost dexterity.
 84579 | Abyss:1  | Lost dexterity.
 84737 | Abyss:1  | Lost dexterity.
 85088 | Depths:3 | Escaped the Abyss
 85110 | Depths:3 | Learned a level 9 spell: Tornado
 85119 | Depths:3 | Learned a level 6 spell: Deflect Missiles
 85128 | Depths:3 | Voluntarily entered the Abyss.
 85128 | Abyss:1  | Found a corrupted altar of Lugonu.
 87036 | Abyss:5  | Entered Level 5 of the Abyss
 87373 | Abyss:5  | Found a corrupted altar of Lugonu.
 87541 | Depths:3 | Escaped the Abyss
 87634 | Depths:3 | Voluntarily entered the Abyss.
 87689 | Depths:3 | Escaped the Abyss
 87788 | Depths:3 | Voluntarily entered the Abyss.
 87893 | Abyss:1  | Found a deep blue altar of Sif Muna.
 88670 | Abyss:1  | Reached skill level 27 in Air Magic
 90227 | Abyss:1  | Found a corrupted altar of Lugonu.
 90301 | Abyss:1  | Reached skill level 15 in Evocations
 90972 | Abyss:2  | Reached skill level 15 in Spellcasting
 92758 | Abyss:3  | Reached skill level 10 in Ice Magic
 92811 | Abyss:3  | Reached skill level 10 in Charms
 92973 | Abyss:3  | Reached skill level 15 in Fighting
 93135 | Abyss:4  | Reached skill level 15 in Armour
 93920 | Abyss:5  | Entered Level 5 of the Abyss
 93922 | Depths:3 | Escaped the Abyss
 94067 | Depths:3 | Bought a bloodstained robe for 159 gold pieces
 94092 | Depths:3 | Identified the +1 robe of Duty {-Tele rPois Str+2 Int+7}
                  | (You bought it in a shop on level 3 of the Depths)
 94510 | Slime:1  | Entered Level 1 of the Pits of Slime
 94524 | Slime:1  | Reached skill level 15 in Stealth
 94980 | Slime:2  | Found a viscous altar of Jiyva.
 96589 | Slime:5  | Entered Level 5 of the Pits of Slime
 96608 | Slime:5  | Noticed the Royal Jelly
 97291 | Slime:5  | Learned a level 8 spell: Chain Lightning
 97520 | Slime:5  | Killed the Royal Jelly
 97770 | Slime:5  | Got a slimy rune of Zot
 97805 | Slime:5  | Got a brightly glowing turquoise ring
 98104 | Slime:5  | Got a bloodstained mace
 98129 | Slime:5  | Got a steaming chain mail
 98137 | Slime:5  | Identified the +5 mace of Dishonour {pain, +Rage Str-5
                  | Int+3} (You found it on level 5 of the Pits of Slime)
 98149 | Slime:5  | Identified the +3 chain mail "Xigips" {+Fly rC+} (You found
                  | it on level 5 of the Pits of Slime)
 98169 | Slime:5  | Identified the ring of Regoatup {rCorr rC+ Slay+5} (You
                  | found it on level 5 of the Pits of Slime)
 98697 | Hell     | Entered the Vestibule of Hell
 98697 | Hell     | Noticed Geryon
 98731 | Hell     | Killed Geryon
 98731 | Hell     | Reached skill level 10 in Conjurations
 99027 | Hell     | Found a gateway to the decaying netherworld of Tartarus.
 99107 | Hell     | Found a gateway to the ashen valley of Gehenna.
 99187 | Hell     | Found a gateway to the Iron City of Dis.
 99230 | Hell     | Found a gateway to the freezing wastes of Cocytus.
 99399 | Tar:1    | Entered Level 1 of Tartarus
 99411 | Tar:1    | You fall through a shaft!
101002 | Tar:4    | Reached skill level 15 in Conjurations
101032 | Tar:4    | HP: 3/213 [Tzitzimitl/dispel undead[a doom hound] (58)]
101451 | Tar:4    | Noticed an ancient lich
101491 | Tar:4    | Killed an ancient lich
104293 | Tar:7    | Entered Level 7 of Tartarus
104853 | Tar:7    | Got a fine chain mail
104857 | Tar:7    | Found the ring of the Octopus King
104917 | Tar:7    | Got a dazzling eveningstar
104937 | Tar:7    | Got a ring of the Octopus King
105113 | Tar:7    | Got a bloodstained spear
105253 | Tar:7    | Identified the +4 eveningstar of Upheaval {freeze, rC+ MR+
                  | Str+4 Int+3} (You found it on level 7 of Tartarus)
105257 | Tar:7    | Identified the +3 spear of Forced Transition {speed, rPois
                  | Dex+8 Stlth-} (You found it on level 7 of Tartarus)
105269 | Tar:7    | Identified the +9 chain mail of Ugoy {+Fly Regen+ Int+8
                  | Dex-2} (You found it on level 7 of Tartarus)
105311 | Tar:7    | Identified a ring of the Octopus King {rCorr AC+1 EV+1
                  | Str+1 Int+1 Dex+1} (You found it on level 7 of Tartarus)
106237 | Tar:7    | Got an ebony battleaxe
106368 | Tar:7    | Noticed Ereshkigal
106572 | Tar:7    | Killed Ereshkigal
106588 | Tar:7    | Identified the Incunabulum of Companions
106724 | Tar:7    | Got a bone rune of Zot
107234 | Tar:7    | Got a dazzling hunting sling
107303 | Hell     | Identified the +7 battleaxe of Evisceration {chop, +Fly
                  | rPois Dex-5} (You found it on level 7 of Tartarus)
107305 | Hell     | Identified the +10 hunting sling of Departure {velocity,
                  | rElec Str+4 Int+5} (You found it on level 7 of Tartarus)
107340 | Dis:1    | Entered Level 1 of the Iron City of Dis
111058 | Dis:6    | Reached skill level 27 in Conjurations
111119 | Dis:7    | Entered Level 7 of the Iron City of Dis
112145 | Dis:7    | Identified the Incunabulum of Icy Summoning
112148 | Dis:7    | Got a crude iron ring
112153 | Dis:7    | Identified the ring of Ohitis {rC+ SInv} (You found it on
                  | level 7 of the Iron City of Dis)
112376 | Dis:7    | Learned a level 5 spell: Aura of Abjuration
112825 | Dis:7    | Identified the +4 staff of Dispater
112825 | Dis:7    | Noticed Dispater
113137 | Dis:7    | Got a transparent gossamer ring
113244 | Dis:7    | Killed Dispater
113244 | Dis:7    | Reached skill level 5 in Summonings
113312 | Dis:7    | Got an iron rune of Zot
113320 | Dis:7    | Got an iridescent dagger
113507 | Hell     | Identified the +1 dagger of the Six Suns {pierce, Str+2
                  | Dex+7} (You found it on level 7 of the Iron City of Dis)
113512 | Hell     | Identified the ring of Leaves {-Tele rElec rF++ Dex+3
                  | Stlth+} (You found it on level 7 of the Iron City of Dis)
113541 | Geh:1    | Entered Level 1 of Gehenna
115244 | Geh:5    | Reached skill level 10 in Summonings
115971 | Geh:7    | Entered Level 7 of Gehenna
116507 | Geh:7    | Identified the ring "Ysiekkacoy" {*Tele rF+ rC+ Str+3}
116592 | Geh:7    | Identified the +7 sceptre of Asmodeus
116592 | Geh:7    | Noticed Asmodeus
116603 | Geh:7    | Noticed the Serpent of Hell
116622 | Geh:7    | Killed the Serpent of Hell
116634 | Geh:7    | Killed Asmodeus
116927 | Geh:7    | Got an obsidian rune of Zot
117575 | Geh:7    | Identified Kikubaaqudgha's Catalogue of Necromancy
117849 | Geh:7    | Got ichor-stained pearl dragon scales
117914 | Hell     | Identified the cursed +0 pearl dragon scales of the Evening
                  | {rN+ rCorr Dex+3 Stlth-} (You found it on level 7 of
                  | Gehenna)
118043 | Coc:1    | Entered Level 1 of Cocytus
118305 | Coc:1    | Noticed a shard shrike
118308 | Coc:1    | Killed a shard shrike
118729 | Coc:2    | Noticed a shard shrike
118735 | Coc:2    | Killed a shard shrike
118778 | Coc:2    | Noticed a shard shrike
118791 | Coc:2    | Killed a shard shrike
118977 | Coc:2    | Noticed a shard shrike
118982 | Coc:2    | Killed a shard shrike
119187 | Coc:3    | Noticed a shard shrike
119188 | Coc:3    | Noticed a shard shrike
119189 | Coc:3    | Noticed a shard shrike
119195 | Coc:3    | Killed a shard shrike
119195 | Coc:3    | Killed a shard shrike
119196 | Coc:3    | Killed a shard shrike
119238 | Coc:3    | Noticed a shard shrike
119243 | Coc:3    | Killed a shard shrike
119614 | Coc:5    | Noticed a shard shrike
119624 | Coc:5    | Killed a shard shrike
119897 | Coc:6    | Noticed a shard shrike
119900 | Coc:6    | Killed a shard shrike
119991 | Coc:6    | Noticed a shard shrike
119991 | Coc:6    | Noticed a shard shrike
119992 | Coc:6    | Noticed a shard shrike
119992 | Coc:6    | Noticed a shard shrike
119996 | Coc:6    | Killed a shard shrike
119996 | Coc:6    | Killed a shard shrike
119997 | Coc:6    | Killed a shard shrike
119997 | Coc:6    | Killed a shard shrike
120020 | Coc:6    | Noticed a shard shrike
120028 | Coc:6    | Killed a shard shrike
120066 | Coc:6    | Noticed a shard shrike
120071 | Coc:6    | Killed a shard shrike
120171 | Coc:7    | Entered Level 7 of Cocytus
120190 | Coc:7    | Noticed a shard shrike
120190 | Coc:7    | Noticed a shard shrike
120190 | Coc:7    | Noticed a shard shrike
120197 | Coc:7    | Killed a shard shrike
120203 | Coc:7    | Killed a shard shrike
120206 | Coc:7    | Killed a shard shrike
120293 | Coc:7    | Noticed Antaeus
120331 | Coc:7    | Killed Antaeus
120503 | Coc:7    | Noticed a shard shrike
120504 | Coc:7    | Noticed a shard shrike
120522 | Coc:7    | Killed a shard shrike
120524 | Coc:7    | Killed a shard shrike
120705 | Coc:7    | Noticed a shard shrike
120708 | Coc:7    | Killed a shard shrike
120889 | Coc:7    | Identified Hedicsa's Reference Book on Translocation and
                  | the Rocks
120905 | Coc:7    | Got an icy rune of Zot
120909 | Coc:7    | Got a shimmering falchion
120954 | Coc:7    | Noticed a shard shrike
120958 | Coc:7    | Killed a shard shrike
121192 | Depths:3 | Identified the +1 falchion "Rantajuv" {pain, +Fly rF+} (You
                  | found it on level 7 of Cocytus)
121297 | Depths:3 | Bought the +1 cloak of Starlight {rElec rC+ EV+4 Stlth--}
                  | for 2581 gold pieces
121297 | Depths:3 | Found the +1 cloak of Starlight {rElec rC+ EV+4 Stlth--}
121297 | Depths:3 | Bought a warped leather armour for 406 gold pieces
121317 | Depths:3 | Identified the +0 leather armour "Earthly Heaven" {rC+ rN+}
                  | (You bought it in a shop on level 3 of the Depths)
121319 | Depths:3 | Bought a twisted quarterstaff for 225 gold pieces
121319 | Depths:3 | Bought a jewelled war axe for 212 gold pieces
121319 | Depths:3 | Bought a warped long sword for 212 gold pieces
121321 | Depths:3 | Bought a dazzling hand crossbow for 289 gold pieces
121321 | Depths:3 | Bought a bloodstained glaive for 391 gold pieces
121321 | Depths:3 | Bought a translucent trident for 289 gold pieces
121321 | Depths:3 | Bought a crystal shortbow for 272 gold pieces
121344 | Depths:2 | Identified the +12 shortbow of Recklessness {velocity,
                  | rElec Str-4 Int+4 Dex+3} (You bought it in a shop on level
                  | 3 of the Depths)
121347 | Depths:2 | Identified the +8 quarterstaff of the Pharaoh's Fist
                  | {speed, rN+ MR+ Stlth+} (You bought it in a shop on level 3
                  | of the Depths)
121350 | Depths:2 | Identified the +9 long sword of Xito Didi {flame, *Contam
                  | Str+6 Int+3 Stlth+} (You bought it in a shop on level 3 of
                  | the Depths)
121354 | Depths:2 | Identified the +11 war axe of Fatigue {chop, rElec rC- MR+
                  | Dex+3} (You bought it in a shop on level 3 of the Depths)
121357 | Depths:2 | Identified the +3 hand crossbow "Adghiff" {flame, Stlth+}
                  | (You bought it in a shop on level 3 of the Depths)
121360 | Depths:2 | Identified the cursed +1 glaive of the Volcano {freeze, rF+
                  | rC+ Str+2 Int+2 Stlth+} (You bought it in a shop on level 3
                  | of the Depths)
121365 | Depths:2 | Identified the +12 trident of Chance {freeze, Str+4 Int+4}
                  | (You bought it in a shop on level 3 of the Depths)
121717 | Zig:1    | Entered Level 1 of a ziggurat
121717 | Zig:1    | Noticed Soge Soa the pandemonium lord
121724 | Zig:1    | Killed Soge Soa the pandemonium lord
121751 | Zig:1    | Learned a level 8 spell: Ignition
121761 | Zig:1    | Learned a level 9 spell: Glaciate
121768 | Zig:1    | Learned a level 6 spell: Darkness
121785 | Zig:2    | Entered Level 2 of a ziggurat
121820 | Zig:3    | Entered Level 3 of a ziggurat
121867 | Zig:4    | Entered Level 4 of a ziggurat
121892 | Zig:4    | Got a translucent scimitar
121899 | Zig:4    | Got an encrusted great mace
121902 | Zig:5    | Entered Level 5 of a ziggurat
121938 | Zig:6    | Entered Level 6 of a ziggurat
121973 | Zig:6    | Got a fine short sword
121982 | Zig:7    | Entered Level 7 of a ziggurat
122064 | Zig:8    | Entered Level 8 of a ziggurat
122084 | Zig:8    | Noticed Ughuts the pandemonium lord
122117 | Zig:8    | Killed Ughuts the pandemonium lord
122144 | Zig:8    | Identified the Disquisition on Attacks
122150 | Zig:8    | Identified the Volume of Supportive Protection
122197 | Zig:9    | Entered Level 9 of a ziggurat
122278 | Zig:10   | Entered Level 10 of a ziggurat
122285 | Zig:10   | Noticed Ewkos the pandemonium lord
122287 | Zig:10   | Noticed a Killer Klown
122288 | Zig:10   | Noticed a Killer Klown
122292 | Zig:10   | Noticed a Killer Klown
122297 | Zig:10   | Killed a Killer Klown
122305 | Zig:10   | Killed Ewkos the pandemonium lord
122320 | Zig:10   | Killed a Killer Klown
122330 | Zig:10   | Killed a Killer Klown
122407 | Zig:10   | Got an ichor-stained falchion
122410 | Zig:11   | Entered Level 11 of a ziggurat
122536 | Zig:11   | Got a steaming mace
122540 | Zig:11   | Identified the +11 falchion of Instant Death {slice, SInv}
                  | (You found it on level 10 of a ziggurat)
122542 | Zig:11   | Identified the +8 scimitar "Itym" {flame, rPois rC+} (You
                  | found it on level 4 of a ziggurat)
122545 | Zig:11   | Identified the +2 mace of the Abyss {crush, rF+} (You found
                  | it on level 11 of a ziggurat)
122547 | Zig:11   | Identified the +10 short sword "Qasoly" {flame, +Inv rC+
                  | rN+++ Int-4} (You found it on level 6 of a ziggurat)
122566 | Zig:12   | Entered Level 12 of a ziggurat
122605 | Zig:12   | Got a slimy bone ring
122626 | Zig:12   | Identified the Catalogue of Doomed Hexes
122708 | Zig:13   | Entered Level 13 of a ziggurat
122721 | Zig:13   | Noticed a greater mummy
122722 | Zig:13   | Noticed a greater mummy
122724 | Zig:13   | Noticed a greater mummy
122725 | Zig:13   | Noticed a greater mummy
122729 | Zig:13   | Killed a greater mummy
122730 | Zig:13   | Killed a greater mummy
122730 | Zig:13   | Killed a greater mummy
122730 | Zig:13   | Killed a greater mummy
122730 | Zig:13   | Reached skill level 10 in Hexes
122767 | Zig:13   | Got a transparent turquoise ring
122857 | Zig:13   | Got a fine scimitar
122862 | Zig:13   | Got a polished leather armour
122873 | Zig:14   | Entered Level 14 of a ziggurat
122892 | Zig:14   | Reached skill level 27 in Spellcasting
122976 | Zig:14   | Got a faintly glowing sapphire amulet
123068 | Zig:15   | Entered Level 15 of a ziggurat
123178 | Zig:15   | Identified the +6 scimitar "Sycur" {venom, rC- rN+++ Str-3
                  | SInv} (You found it on level 13 of a ziggurat)
123190 | Zig:15   | Identified the cursed +1 leather armour "Loav" {MR- rCorr
                  | Str+2} (You found it on level 13 of a ziggurat)
123208 | Zig:15   | Got a dazzling scythe
123211 | Zig:15   | Identified the +7 scythe of Naatob {freeze, Str+2} (You
                  | found it on level 15 of a ziggurat)
123217 | Zig:15   | Got a steaming rapier
123218 | Zig:15   | Identified the +0 rapier "Neireby" {pierce, rF+ Dex+4} (You
                  | found it on level 15 of a ziggurat)
123234 | Zig:15   | Identified the amulet "Sineefy" {RegenMP MR+ Int+5} (You
                  | found it on level 14 of a ziggurat)
123237 | Zig:15   | Identified the ring of Jurch {rF+ MP+9} (You found it on
                  | level 13 of a ziggurat)
123240 | Zig:15   | Identified the ring of Diecuaq {Ice Stlth+} (You found it
                  | on level 12 of a ziggurat)
123250 | Zig:16   | Entered Level 16 of a ziggurat
123263 | Zig:16   | Noticed an ancient lich
123264 | Zig:16   | Noticed an ancient lich
123267 | Zig:16   | Reached skill level 10 in Fire Magic
123267 | Zig:16   | Killed an ancient lich
123269 | Zig:16   | Killed an ancient lich
123316 | Zig:16   | Got a brightly glowing lapis lazuli ring
123406 | Zig:17   | Entered Level 17 of a ziggurat
123576 | Zig:17   | Found the amulet of Vitality {Regen+ HP+15}
123587 | Zig:17   | Identified the Reference Book on Helpful Feathers
123608 | Zig:17   | Identified Qoag's Grimoire of Unstable Translocation
123666 | Zig:18   | Entered Level 18 of a ziggurat
123697 | Zig:18   | Noticed an ancient lich
123700 | Zig:18   | Noticed an ancient lich
123701 | Zig:18   | Killed an ancient lich
123701 | Zig:18   | Noticed an ancient lich
123706 | Zig:18   | Killed an ancient lich
123712 | Zig:18   | Killed an ancient lich
123717 | Zig:18   | Reached skill level 27 in Evocations
123813 | Zig:18   | Identified Komemung's Grimoire of Mutagenic Intoxication
123816 | Zig:18   | Got a pitted pewter ring
123907 | Zig:18   | Got a crystal long sword
123914 | Zig:18   | Got an encrusted scale mail
123916 | Zig:18   | Got a transparent spear
123920 | Zig:19   | Entered Level 19 of a ziggurat
123993 | Zig:19   | Found the +8 orange crystal plate armour {Archmagi, Int+3
                  | Clar}
124103 | Zig:19   | Identified the Guide on Earth
124162 | Zig:19   | Got a steaming ring mail
124167 | Zig:19   | Identified the +6 spear "Ecameh" {pierce, rElec MR- Stlth+}
                  | (You found it on level 18 of a ziggurat)
124171 | Zig:19   | Identified the cursed +0 long sword of Ruination {slice,
                  | Str-4 Dex+4} (You found it on level 18 of a ziggurat)
124185 | Zig:19   | Identified the +5 scale mail of Happiness {rF++ Slay+3}
                  | (You found it on level 18 of a ziggurat)
124195 | Zig:19   | Identified the +1 ring mail of Jigsaw {rF+ rCorr SInv
                  | Stlth-} (You found it on level 19 of a ziggurat)
124233 | Zig:19   | Identified the ring of Akuag {Ice Stlth+} (You found it on
                  | level 18 of a ziggurat)
124236 | Zig:19   | Identified the ring of Seta {*Corrode rPois Int+4 Dex+8
                  | Stlth+} (You found it on level 16 of a ziggurat)
124256 | Zig:20   | Entered Level 20 of a ziggurat
124295 | Zig:20   | Noticed a greater mummy
124295 | Zig:20   | Noticed a greater mummy
124296 | Zig:20   | Noticed a greater mummy
124299 | Zig:20   | Noticed a greater mummy
124301 | Zig:20   | Killed a greater mummy
124301 | Zig:20   | Noticed a greater mummy
124302 | Zig:20   | Killed a greater mummy
124303 | Zig:20   | Noticed a greater mummy
124308 | Zig:20   | Noticed a greater mummy
124309 | Zig:20   | Killed a greater mummy
124310 | Zig:20   | Killed a greater mummy
124312 | Zig:20   | Killed a greater mummy
124316 | Zig:20   | Killed a greater mummy
124331 | Zig:20   | Killed a greater mummy
124345 | Zig:20   | Found the cursed necklace of Bloodlust {*Rage +Rage MR++
                  | Int-3 Slay+6 *Curse}
124528 | Zig:20   | Got a twisted whip
124530 | Zig:20   | Got a brightly glowing morningstar
124537 | Zig:21   | Entered Level 21 of a ziggurat
124561 | Zig:21   | Reached skill level 15 in Ice Magic
124715 | Zig:21   | Found the +8 autumn katana {slice, Clar}
124733 | Zig:21   | Identified the Volume of Augmentations and Dislocation
124753 | Zig:21   | Got a scintillating glass ring
124827 | Zig:21   | Got a crude chain mail
124838 | Zig:21   | Identified the +1 whip "Cooczuaf" {elec, rF+} (You found it
                  | on level 20 of a ziggurat)
124840 | Zig:21   | Identified the +7 morningstar of Bread {antimagic, rPois
                  | rC- Str+9} (You found it on level 20 of a ziggurat)
124852 | Zig:21   | Identified the cursed +1 chain mail "Xuyllusm" {*Slow rF+
                  | Str+3 Stlth+} (You found it on level 21 of a ziggurat)
124866 | Zig:21   | Identified the ring "Odawn" {MP+9 Int+4 Dex+6 Slay-3} (You
                  | found it on level 21 of a ziggurat)
124896 | Zig:22   | Entered Level 22 of a ziggurat
125086 | Zig:22   | Got a heavily runed bronze ring
125119 | Zig:22   | Got a translucent plate armour
125131 | Zig:23   | Entered Level 23 of a ziggurat
125185 | Zig:23   | Noticed Empa the pandemonium lord
125186 | Zig:23   | Reached skill level 15 in Fire Magic
125187 | Zig:23   | Killed from afar by a Brimstone Fiend

Skill      XL: |  1  2  3  4  5  6  7  8  9 10 11 12 13 14 15 16 17 18 19 20 21 22 23 24 25 26 27 |
---------------+----------------------------------------------------------------------------------+-----
Conjurations   | 1 2 3 4 6 27 | 27.0
Poison Magic   | 3 5 8 |  8.1
Fire Magic     | 2 4 6 15 | 15.0
Air Magic      | 2 3 4 27 | 27.0
Spellcasting   | 5 6 7 8 9 10 12 27 | 27.0
Polearms       | 2 6 8 9 10 12 | 12.0
Charms         | 2 4 5 6 10 | 10.0
Necromancy     | 2 6 7 8 9 12 13 14 16 17 18 20 21 | 21.2
Dodging        | 2 3 4 6 8 9 10 13 | 13.9
Fighting       | 1 5 6 8 10 11 12 20 | 20.9
Armour         | 1 5 6 8 10 11 12 16 | 16.4
Stealth        | 3 6 15 | 15.6
Shields        | 4 5 8 11 16 19 | 19.1
Transmutations | 3 4 6 8 9 11 12 14 15 18 20 21 | 21.4
Earth Magic    | 6 13 14 15 16 17 18 20 21 27 | 27.0
Evocations     | 1 6 27 | 27.0
Ice Magic      | 6 16 | 16.5
Hexes          | 6 14 | 14.0
Summonings     | 10 | 10.0
Translocations | |  0.8

Action                   |  1- 3 |  4- 6 |  7- 9 | 10-12 | 13-15 | 16-18 | 19-21 | 22-24 | 25-27 || total
-------------------------+-------+-------+-------+-------+-------+-------+-------+-------+-------++-------
Melee: Unarmed           |     4 |       |       |       |       |       |       |       |       ||     4
       Spear             |    25 |    54 |   438 |  1018 |  2526 |  1655 |  1419 |  1751 |  2812 || 11698
       Dagger            |     5 |       |    14 |       |       |       |       |       |       ||    19
       Flail             |       |       |    17 |       |       |       |       |       |       ||    17
       Peck              |       |       |       |       |   138 |    54 |       |       |       ||   192
       Staff             |       |       |       |       |       |       |       |       |    91 ||    91
       Long sword        |       |       |       |       |       |       |       |       |    29 ||    29
 Fire: Longbow           |       |       |       |       |     1 |       |       |       |       ||     1
Throw: Javelin           |       |       |     1 |       |       |       |       |       |       ||     1
 Cast: Magic Dart        |    62 |   103 |   220 |    64 |    23 |       |       |       |       ||   472
       Mephitic Cloud    |       |     7 |    31 |    72 |   221 |   109 |   133 |    35 |    16 ||   624
       Conjure Flame     |       |     4 |    14 |    52 |   106 |       |       |       |       ||   176
       Sublimation of Bl |       |       |     1 |     4 |    20 |    58 |    88 |    19 |    71 ||   261
       Regeneration      |       |       |     4 |    19 |    66 |   100 |   101 |    58 |   190 ||   538
       Dispel Undead     |       |       |       |     1 |     7 |    16 |     6 |    59 |   100 ||   189
       Ignite Poison     |       |       |       |       |    54 |    66 |    46 |    19 |    15 ||   200
       Borgnjor's Vile C |       |       |       |       |     1 |   185 |   225 |   201 |   902 ||  1514
       Spectral Weapon   |       |       |       |       |       |       |       |   111 |   153 ||   264
       Ozocubu's Armour  |       |       |       |       |       |       |       |       |   200 ||   200
       Shatter           |       |       |       |       |       |       |       |       |  2252 ||  2252
       Tornado           |       |       |       |       |       |       |       |       |   994 ||   994
       Necromutation     |       |       |       |       |       |       |       |       |   588 ||   588
       Chain Lightning   |       |       |       |       |       |       |       |       |   189 ||   189
       Deflect Missiles  |       |       |       |       |       |       |       |       |    11 ||    11
       Aura of Abjuratio |       |       |       |       |       |       |       |       |     5 ||     5
Invok: Receive Necronomi |       |       |       |     1 |       |       |       |       |       ||     1
       Renounce Religion |       |       |       |     1 |       |       |       |       |       ||     1
       Potion Petition   |       |       |       |       |     4 |     3 |     1 |       |    30 ||    38
       Call Merchant     |       |       |       |       |       |       |       |       |    19 ||    19
 Abil: Dig               |       |     1 |    19 |    16 |    51 |    30 |    23 |       |    35 ||   175
       End Transformatio |       |       |       |       |       |       |       |       |    36 ||    36
       Shaft Self        |       |       |       |       |       |       |       |       |     1 ||     1
Evoke: Wand              |       |       |       |     1 |    12 |     7 |       |     3 |     1 ||    24
       Lamp of fire      |       |       |       |       |     2 |       |     1 |     2 |    10 ||    15
       Lightning rod     |       |       |       |       |     4 |       |       |       |    33 ||    37
       Phial of floods   |       |       |       |       |     1 |       |       |       |     6 ||     7
       Staff of energy   |       |       |       |       |       |       |       |       | 10803 || 10803
       Fan of gales      |       |       |       |       |       |       |       |       |     5 ||     5
       Horn of Geryon    |       |       |       |       |       |       |       |       |     1 ||     1
  Use: Scroll            |       |       |    11 |     4 |     9 |     6 |    13 |     2 |    27 ||    72
       Potion            |       |       |       |       |     7 |     6 |     1 |     3 |    14 ||    31
 Stab: Sleeping          |     1 |     2 |     1 |     1 |     4 |     2 |     2 |     3 |     4 ||    20
       Confused          |       |     4 |    23 |    60 |   178 |    44 |    91 |     9 |     1 ||   410
       Distracted        |       |       |       |     1 |    10 |     5 |     4 |    43 |    31 ||    94
  Eat: Chunk             |       |     7 |    17 |    15 |       |       |       |       |       ||    39
       Ration            |       |       |     2 |     2 |    17 |    20 |    10 |    13 |    26 ||    90
Armor: Robe              |     9 |     7 |    22 |       |       |       |       |       |   106 ||   144
       Ring mail         |       |       |       |   137 |   367 |   495 |   298 |   116 |    99 ||  1512
       Troll leather arm |       |       |       |       |       |       |       |       |  1961 ||  1961
       Skin              |       |       |       |       |       |       |       |       |     2 ||     2
Dodge: Dodged            |    37 |    35 |   142 |   151 |   465 |   558 |   310 |   214 |  3431 ||  5343
       Deflected         |       |       |       |       |       |       |       |       |   122 ||   122
Block: Buckler           |       |       |       |     9 |   197 |   181 |       |       |       ||   387
       Shield            |       |       |       |       |       |   115 |   105 |       |       ||   220
       Reflection        |       |       |       |       |       |     1 |       |       |       ||     1
       Large shield      |       |       |       |       |       |       |   506 |   521 |  5709 ||  6736
       Rpst.: Long sword |       |       |       |       |       |       |       |       |     4 ||     4
